 Dungeon Crawl Stone Soup version 0.30.1-11-g7821555f0a (webtiles) character file.

Game seed: 15436414366900264239

3540825 Nonny the Force of Nature (level 27, 245/245 HPs)
             Began as a Merfolk Gladiator on Dec 3, 2023.
             Was the Champion of Fedhas.
             Escaped with the Orb
             ... and 6 runes on Dec 4, 2023!
             The game lasted 06:44:43 (88556 turns).

Nonny the Force of Nature (Merfolk Gladiator)      Turns: 88556, Time: 06:44:44

Health: 245/245    AC: 22    Str: 14    XL:     27
Magic:  11/11      EV: 49    Int: 10    God:    Fedhas [******]
Gold:   6894       SH: 38    Dex: 36    Spells: 25/26 levels left

rFire   + . .        S - +9 demon blade (antimagic)
rCold   . . .        q - +8 tower shield {AC+3}
rNeg    + . .        K - +1 robe of Vines {NoPotionHeal Regen++++}
rPois   .            A - +2 hat {Will+}
rElec   .            n - +2 cloak of the Thief {*Fog Slay-2 SInv Stlth+}
rCorr   .            Q - +2 pair of gloves {Stlth+}
SInv    +            R - +2 pair of boots {Stlth+}
Will    +++++        V - amulet of the Raven {Faith rN+ Dex+5}
Stlth   ++++         t - ring of protection from fire
HPRegen 3.80/turn    g - ring "Rifryote" {Will++ MP-9 AC+4 Int+2 Stlth+}
MPRegen 0.12/turn

%: faith
@: studying 6 skills
A: (nimble swimmer 2), mertail, agile 1, high MP 1
0: Orb of Zot
}: 6/15 runes: serpentine, barnacled, slimy, silver, abyssal, fiery
a: Renounce Religion, Wall of Briars, Grow Ballistomycete, Overgrow, Grow Oklob


You escaped.
You worshipped Fedhas.
Fedhas was exalted by your worship.
You visited 13 branches of the dungeon, and saw 57 of its levels.
You visited Pandemonium 1 time, and saw 7 of its levels.
You visited the Abyss 3 times.
You visited 1 bazaar.
You also visited: Bailey, Ice Cave and Wizlab.

You collected 13199 gold pieces.
You spent 6305 gold pieces at shops.

Inventory:

Hand Weapons
 D - a +3 eudemon blade of holy wrath
 S - a +9 antimagic demon blade (weapon)
 T - the +12 dagger "Esevek" {freeze, rElec rC++ Str-4 Int+3}
   (You found it on level 14 of the Dungeon)

   Str:       It affects your strength (-4).
   Int:       It affects your intelligence (+3).
   rC:        It greatly protects you from cold.
   rElec:     It insulates you from electricity.
Missiles
 b - 10 curare-tipped darts
 f - 403 stones (quivered)
 p - 9 silver javelins
 x - 2 throwing nets
Armour
 n - the +2 cloak of the Thief (worn) {*Fog Slay-2 SInv Stlth+}
   (You found it in a wizard's laboratory)

   *Fog:      It may release a thick cloud of smoke when the wearer is hurt.
   Slay:      It affects your accuracy & damage with ranged weapons and melee
   (-2).
   SInv:      It lets you see invisible.
   Stlth:     It makes you more stealthy.
 q - a +8 tower shield of protection (worn)
 z - the +7 scale mail of Elyvilon's Envy {rCorr Int+2 Dex+3}
   (You found it on level 1 of the Elven Halls)

   Int:       It affects your intelligence (+2).
   Dex:       It affects your dexterity (+3).
   rCorr:     It protects you from acid and corrosion.
 A - a +2 hat of willpower (worn)
 K - the +1 robe of Vines (worn) {NoPotionHeal Regen++++}
   (You took it off a deep elf pyromancer on level 3 of the Elven Halls)

   NoPotionHeal: Its wearer cannot be healed by potions.
   Regen:     It increases your rate of health regeneration.
 Q - a +2 pair of gloves of stealth (worn)
 R - a +2 pair of boots of stealth (worn)
Jewellery
 g - the ring "Rifryote" (right hand) {Will++ MP-9 AC+4 Int+2 Stlth+}
   (You bought it in a shop on level 1 of the Shoals)

   [ring of protection]

   AC:        It affects your AC (+4).
   Int:       It affects your intelligence (+2).
   MP:        It affects your magic capacity (-9).
   Will:      It greatly increases your willpower.
   Stlth:     It makes you more stealthy.
 t - a ring of protection from fire (left hand)
 w - a ring of positive energy
 y - a ring of protection from fire
 C - the ring "Gompus" {Fly rPois Str+2 Slay+4}
   (You found it in a wizard's laboratory)

   [ring of flight]

   Str:       It affects your strength (+2).
   Slay:      It affects your accuracy & damage with ranged weapons and melee
   (+4).
   rPois:     It protects you from poison.
   Fly:       It grants you flight.
 L - the ring "Qoneural" {rC+ Int+3}
   (You bought it in a shop on level 1 of the Shoals)

   [ring of protection from cold]

   Int:       It affects your intelligence (+3).
   rC:        It protects you from cold.
 V - the amulet of the Raven (around neck) {Faith rN+ Dex+5}
   (You found it in an ice cave)

   [amulet of faith]

   It allows you to gain divine favour quickly.
   Dex:       It affects your dexterity (+5).
   rN:        It protects you from negative energy.
 Z - a +6 ring of dexterity
Wands
 c - a wand of light (25)
 h - a wand of mindburst (36)
 v - a wand of flame (132)
 H - a wand of charming (51)
 J - a wand of iceblast (29)
 N - a wand of polymorph (37)
 U - a wand of digging (20)
Scrolls
 e - a scroll of enchant armour
 l - 38 scrolls of teleportation
 B - 3 scrolls of butterflies
 F - a scroll of fog
 I - 5 scrolls of blinking
 Y - 5 scrolls of fear
Potions
 a - 6 potions of haste
 d - 5 potions of might
 j - 23 potions of curing
 m - 8 potions of mutation
 o - 13 potions of cancellation
 r - 2 potions of resistance
 u - 6 potions of magic
 P - 14 potions of flight
 X - 7 potions of invisibility
Miscellaneous
 k - a tin of tremorstones (2/2)
 s - a phantom mirror
 M - a phial of floods
 O - a lightning rod (4/4)
 W - a box of beasts


   Skills:
 + Level 26.2 Fighting
 + Level 23.0 Long Blades
 - Level 2.0 Throwing
 - Level 6.0 Armour
 - Level 26.4 Dodging
 * Level 13.1 Stealth
 - Level 25.0 Shields
 - Level 1.0 Translocations
 O Level 27 Invocations
 - Level 12.0 Evocations


You had 25 spell levels left.
You knew the following spells:

 Your Spells              Type           Power      Damage    Failure   Level
a - Apportation           Tloc           4%         N/A       30%         1

Your spell library contained the following spells:

 Spells                   Type           Power      Damage    Failure   Level
 Beastly Appendage        Tmut           0%         N/A       43%         1
 Foxfire                  Conj/Fire      0%         2x1d4     43%         1
 Freeze                   Ice            0%         1d3       43%         1
 Necrotise                Necr           0%         1d4       43%         1
 Summon Small Mammal      Summ           0%         N/A       43%         1
 Blink                    Tloc           4%         N/A       43%         2
 Lesser Beckoning         Tloc           4%         N/A       43%         2
 Momentum Strike          Conj/Tloc      2%         3d8       50%         2
 Ensorcelled Hibernation  Hex/Ice        0%         N/A       56%         2
 Passwall                 Tmut/Erth      0%         N/A       56%         2
 Scorch                   Fire           0%         2d5       56%         2
 Static Discharge         Conj/Air       0%         2-2/arc   56%         2
 Sublimation of Blood     Necr           0%         N/A       56%         2
 Wereblood                Tmut           0%         N/A       56%         2
 Gell's Gravitas          Tloc           2%         N/A       67%         3
 Teleport Other           Tloc           2%         N/A       67%         3
 Vhi's Electric Charge    Tloc/Air       2%         N/A       75%         3
 Volatile Blastmotes      Fire/Tloc      2%         2d10      75%         3
 Call Canine Familiar     Summ           0%         N/A       80%         3
 Frozen Ramparts          Ice            0%         1d1       80%         3
 Hailstorm                Conj/Ice       0%         3d3       80%         3
 Ignite Poison            Fire/Tmut/Pois 0%         N/A       80%         3
 Inner Flame              Hex/Fire       0%         N/A       80%         3
 Ozocubu's Armour         Ice            0%         N/A       80%         3
 Spider Form              Tmut/Pois      0%         N/A       80%         3
 Stone Arrow              Conj/Erth      0%         3d7       80%         3
 Summon Guardian Golem    Hex/Summ       0%         N/A       80%         3
 Swiftness                Air            0%         N/A       80%         3
 Tukima's Dance           Hex            0%         N/A       80%         3
 Vampiric Draining        Necr           0%         2d6       80%         3
 Passage of Golubria      Tloc           2%         N/A       97%         4
 Anguish                  Hex/Necr       0%         N/A       99%         4
 Animate Armour           Summ/Erth      0%         N/A       99%         4
 Animate Dead             Necr           0%         N/A       99%         4
 Cause Fear               Hex            0%         N/A       99%         4
 Flame Wave               Conj/Fire      0%         2d4       99%         4
 Leda's Liquefaction      Hex/Erth       0%         N/A       99%         4
 Olgreb's Toxic Radiance  Pois           0%         N/A       99%         4
 Petrify                  Tmut/Erth      0%         N/A       99%         4
 Sticky Flame             Conj/Fire      0%         2d3       99%         4
 Summon Ice Beast         Ice/Summ       0%         N/A       99%         4
 Summon Lightning Spire   Summ/Air       0%         N/A       99%         4
 Alistair's Intoxication  Tmut/Pois      0%         N/A       100%        5
 Arcjolt                  Conj/Air       0%         1d10      100%        5
 Blade Hands              Tmut           0%         N/A       100%        5
 Borgnjor's Vile Clutch   Necr/Erth      0%         N/A       100%        5
 Fireball                 Conj/Fire      0%         3d3       100%        5
 Irradiate                Conj/Tmut      0%         3d11      100%        5
 Iskenderun's Battlesphe  Conj           0%         2d6       100%        5
 Lee's Rapid Deconstruct  Erth           0%         3d4*      100%        5
 Metabolic Englaciation   Hex/Ice        0%         N/A       100%        5
 Silence                  Hex/Air        0%         N/A       100%        5
 Summon Forest            Summ/Tloc      0%         N/A       100%        5
 Summon Mana Viper        Hex/Summ       0%         N/A       100%        5
 Yara's Violent Unravell  Hex/Tmut       0%         3d3       100%        5
 Conjure Ball Lightning   Conj/Air       0%         3x3d6     100%        6
 Death Channel            Necr           0%         N/A       100%        6
 Dispersal                Tloc           1%         N/A       100%        6
 Eringya's Noxious Bog    Tmut/Pois      0%         N/A       100%        6
 Iron Shot                Conj/Erth      0%         9d1       100%        6
 Plasma Beam              Fire/Air       0%         2x1d11    100%        6
 Starburst                Conj/Fire      0%         6d3       100%        6
 Statue Form              Tmut/Erth      0%         N/A       100%        6
 Summon Cactus Giant      Summ           0%         N/A       100%        6
 Dragon Form              Tmut           0%         N/A       100%        7
 Enfeeble                 Hex            0%         N/A       100%        7
 Haunt                    Necr/Summ      0%         N/A       100%        7
 Malign Gateway           Summ/Tloc      0%         N/A       100%        7
 Monstrous Menagerie      Summ           0%         N/A       100%        7
 Ozocubu's Refrigeration  Ice            0%         4d7       100%        7
 Spellforged Servitor     Conj/Summ      0%         N/A       100%        7
 Storm Form               Tmut/Air       0%         N/A       100%        7
 Summon Hydra             Summ           0%         N/A       100%        7
 Discord                  Hex            0%         N/A       100%        8
 Ignition                 Fire           0%         3d3       100%        8
 Lehudib's Crystal Spear  Conj/Erth      0%         10d2      100%        8
 Maxwell's Capacitive Co  Air            0%         ∞         100%        8
 Necromutation            Tmut/Necr      0%         N/A       100%        8
 Summon Horrible Things   Summ           0%         N/A       100%        8
 Death's Door             Necr           0%         N/A       100%        9
 Dragon's Call            Summ           0%         N/A       100%        9
 Fire Storm               Conj/Fire      0%         5d1       100%        9


Dungeon Overview and Level Annotations

Branches:
Dungeon (15/15)            Temple (1/1) D:7            Lair (5/5) D:8
 Shoals (4/4) Lair:2        Snake (4/4) Lair:3        Slime (5/5) Lair:5
    Orc (2/2) D:10            Elf (3/3) Orc:2        Vaults (5/5) D:14
  Crypt (3/3) Vaults:2       Tomb (0/3) Crypt:3      Depths (4/4) D:15
   Hell (visited)             Zot (5/5) Depths:4     Bailey (visited)
  IceCv (visited)          WizLab (visited)
    Dis: Hell:1         Geh: Hell:1         Coc: Hell:1         Tar: Hell:1

Altars:
Ashenzari
Cheibriados
Dithmenos
Elyvilon
Fedhas
Gozag
Hepliaklqana
Kikubaaqudgha
Makhleb
Nemelex Xobeh
Okawaru
Qazlal
Ru
Sif Muna
Trog
Uskayaw
Vehumet
Wu Jian
Xom
Yredelemnul
Zin
The Shining One
Jiyva
Lugonu

Shops:
D:4 [   D:5 !   D:15 ((**   Orc:1 [   Orc:2 *([?   Shoals:1 *=(*[*   Shoals:2 *
Depths:3 (

Portals:
Hell: Depths:1 Depths:2 Depths:3 Depths:4
Abyss: Depths:2 Depths:3
Pandemonium: Depths:2
Ziggurat: Depths:2
Trove: D:10 (give +3 storm dragon scales)

Annotations:
Snake:1 exclusion: 2 downstairs
Hell Geryon
Zot:3 1 runed translucent door, Qedehuc's ghost, master DECj
Zot:5 2 transporters, exclusion: downstairs, Celoneuts's ghost, legendary OpSu


Innate Abilities, Weirdness & Mutations

((You are very nimble when in or above water. (Stealth+, EV+, Speed+++)))
Your lower body shifts to a powerful aquatic tail in water.
You are agile. (Dex +4, Str/Int -1)
You have an increased reservoir of magic. (+10% MP)


Message History

There is an open door here.
There is an open door here.
There is an open door here.
There is an open door here.
There is a stone staircase leading up here.
You climb upwards.
There is a stone staircase leading down here.
There is a stone staircase leading up here.
You climb upwards.
There is a stone staircase leading down here.
There is a stone staircase leading up here.
You climb upwards.
There is a stone staircase leading down here.
There is a stone staircase leading up here.
You climb upwards.
There is a stone staircase leading down here.
There is a stone staircase leading up here.
You climb upwards.
There is a stone staircase leading down here.
There is a stone staircase leading up here.
You climb upwards.
There is a stone staircase leading down here.
There is a stone staircase leading up here.
You climb upwards.
There is a stone staircase leading down here.
There is a stone staircase leading up here.
You climb upwards.
There is a stone staircase leading down here.
You see here a +0 club.
A demonic crawler comes into view.
There is a stone staircase leading up here.
You climb upwards.
There is a stone staircase leading down here.
(D) Dungeon (T) Temple (L) Lair (A) Shoals (P) Snake Pit (M) Slime Pits (O) Orcish Mines (E) Elven Halls (V) Vaults (C) Crypt (W) Tomb (U) Depths (H) Hell (Z) Zot
Where to? (Enter - D:1 @ (x,y), ? - help)
There is a staircase leading out of the dungeon here.
You have escaped!

#.#########.#..........#
..............#'########
#.#########.....#
#.##......'.....#
#.##.######.....# #.##.#
#....)######### #.##.#
#.............# #.##†#
#....########'####### ####.#
#....#@.............## # #.#
#....######.......#..# # #.#
#....# ##..≈..###.# # #.# #....#
##...## #.# ####.#
#....#########.## #.##
#....#######...........### #...
#..........'...........# #.##
#.[)########...........#######.#
#...# ######+#####..........#.#


There were no monsters in sight!

Vanquished Creatures
  Cerebov (Pan)
  the Royal Jelly (Slime:5)
  Tiamat (Zot:1)
  2 dread liches
  5 ancient liches
  5 orbs of fire
  Boris (Crypt:1)
  Vv (Crypt:1)
  Bai Suzhen (Elf:3)
  5 Killer Klowns
  Vashnia (Snake:2)
  A curse toe (Zot:4)
  9 golden dragons
  6 electric golems
  A profane servitor (Abyss:2)
  2 Brimstone Fiends (Pan)
  3 doom hounds (Crypt:1)
  3 bone dragons
  20 tentacled monstrosities
  Jorgrun (Orc:1)
  Zenata (Crypt:2)
  An Ice Fiend (Pan)
  Grunn (Crypt:1)
  3 liches
  A titan (Vaults:5)
  2 deep elf blademasters
  26 Orb Guardians
  8 quicksilver dragons
  7 tentacled starspawn
  Asterion (Elf:3)
  2 deep elf master archers (Elf:3)
  6 death cobs
  An eldritch tentacle (WizLab)
  13 acid blobs
  A kraken (Shoals:1)
  Kirke (Snake:2)
  The ghost of Mohahec the Shatterer, an adept MiFi of Gozag (Snake:3)
  6 ancient champions
  7 shadow dragons
  3 sphinxes (Vaults:5)
  3 tengu reavers
  12 storm dragons
  Donald (Vaults:2)
  7 nagarajas
  7 draconian monks
  A daeva (Depths:1)
  9 frost giants
  9 azure jellies
  A demonspawn warmonger (Pan)
  2 iron dragons
  6 draconian knights
  7 rockslimes
  3 revenants
  7 fire giants
  7 deep elf sorcerers
  Aizul (Elf:3)
  A curse skull (Crypt:1)
  5 ghost moths
  13 vault wardens
  26 balrugs
  7 draconian scorchers
  17 very ugly things
  A caustic shrike zombie (Crypt:1)
  10 ironbound preservers
  8 quicksilver oozes
  2 draconian stormcallers
  4 deep elf elementalists
  8 draconian annihilators
  5 draconian shifters
  A reaper (Pan)
  2 orc warlords
  A demonspawn blood saint (Pan)
  13 stone giants
  8 ghouls
  3 war gargoyles (Zot:2)
  8 ironbound thunderhulks
  A spriggan defender (Depths:3)
  6 green draconians
  7 deep elf demonologists
  12 black draconians
  4 vampire knights
  2 lorocyprocas (Pan)
  9 dire elephants
  10 purple draconians
  2 demonspawn black suns (Pan)
  10 white draconians
  10 red draconians
  The ghost of fireball365 the Severer, a journeyman HOFi of Gozag (D:13)
  7 deep elf annihilators
  5 eidola
  19 yellow draconians
  4 merfolk javelineers
  A crystal guardian (Vaults:2)
  3 spark wasps (Depths:4)
  A green death (Zot:5)
  7 deep elf death magi
  A mummy priest (Crypt:1)
  2 blizzard demons
  8 ettins
  A quicksilver dragon zombie (Depths:1)
  8 jiangshi
  10 ice dragons
  16 merfolk impalers
  14 fire dragons
  An entropy weaver (Vaults:5)
  9 great orbs of eyes
  28 vault guards
  6 yaktaur captains
  5 deep elf high priests
  3 rakshasas
  3 salamander tyrants
  2 spriggan zombies (Crypt:1)
  Fannar (Lair:2)
  Harold (D:10)
  A peacekeeper (Vaults:2)
  4 hydras
  3 ogre magi (Vaults:5)
  A spriggan skeleton (Crypt:3)
  A juggernaut simulacrum (Crypt:1)
  5 ironbound frosthearts
  A fenstrider witch zombie (Crypt:1)
  A catoblepas (D:15)
  2 spriggan air magi
  6 death knights
  17 centaur warriors
  8 anacondas
  2 merfolk avatars (Shoals:4)
  3 merfolk aquamancers
  6 two-headed ogres
  10 boulder beetles
  12 naga warriors
  3 satyrs
  12 thrashing horrors
  A hell hog (Depths:1)
  4 spriggan berserkers
  29 dancing weapons
  5 tengu warriors
  7 vampire magi
  8 soul eaters
  A deep troll shaman (Depths:4)
  2 orc high priests (Orc:2)
  7 shock serpents
  16 naga sharpshooters
  10 hell knights
  A bennu skeleton (Crypt:1)
  Sonja (Lair:4)
  5 sixfirhies
  3 wretched stars (Abyss:3)
  15 deep elf knights
  74 sun demons
  4 skysharks
  6 salamander mystics (Snake:4)
  4 shadow wraiths
  Lodul (D:11)
  28 deep trolls
  A storm dragon skeleton (Depths:2)
  A bunyip zombie (Crypt:1)
  3 iron trolls
  3 golden dragon zombies
  A spectral anaconda (Snake:3)
  6 flayed ghosts
  10 sea snakes
  27 skeletal warriors
  An orb spider (Abyss:2)
  A swamp dragon (shapeshifter) (Vaults:5)
  3 bog bodies
  10 wizards
  8 glowing orange brains
  3 shadow demons
  8 naga ritualists
  11 lindwurms
  13 phantasmal warriors
  4 bunyip skeletons
  11 ironbound convokers
  An obsidian statue (WizLab)
  27 deep elf pyromancers
  21 harpies
  14 deep elf archers
  2 golden dragon skeletons
  33 deep elf zephyrmancers
  10 mana vipers
  9 necromancers
  A stone giant zombie (Crypt:3)
  8 orc knights
  33 ugly things
  3 starcursed masses
  A human zombie (Crypt:1)
  An iron dragon zombie (Crypt:2)
  11 fauns
  5 orc sorcerers
  3 worldbinders
  A salamander (shapeshifter) (Vaults:5)
  20 manticores
  A jorogumo skeleton (Crypt:3)
  A moth of wrath (shapeshifter) (Vaults:1)
  13 cyclopes
  A dire elephant zombie (Crypt:3)
  24 vault sentinels
  2 guardian serpents
  20 salamanders
  25 moths of wrath
  2 iron dragon skeletons
  16 smoke demons
  A rust devil (Depths:2)
  2 centaur zombies
  9 merfolk sirens
  A naga zombie (Crypt:3)
  3 molten gargoyles (Lair:5)
  10 water nymphs
  22 black mambas
  Joseph (D:7)
  A shock serpent zombie (Crypt:2)
  3 centaur skeletons
  15 naga magi
  2 ice statues (IceCv)
  Maurice (D:11)
  2 spectral sea snakes (Snake:3)
  2 demonic crawlers
  Maggie (Lair:1)
  A death yak zombie (Crypt:3)
  9 cane toads
  A hellion (Depths:1)
  Psyche (D:8)
  11 orange demons
  An unseen horror (shapeshifter) (D:15)
  A pale draconian zombie (Crypt:2)
  13 komodo dragons
  A gargoyle (D:11)
  2 kobold demonologists
  2 tormentors
  3 guardian mummies
  4 unseen horrors
  26 yaktaurs
  An iron troll zombie (Crypt:1)
  3 rime drakes
  An unseen horror skeleton (Crypt:3)
  A spectral naga (Snake:3)
  3 tengu conjurers
  3 anaconda simulacra
  4 efreet (Pan)
  8 trolls
  30 merfolk
  3 ice devils
  4 red devils
  2 freezing wraiths
  2 sea snake skeletons (Snake:3)
  2 polar bears (Lair:3)
  3 ancient zymes
  4 hornets
  2 hellwings
  2 harpy zombies
  A hydra zombie (Crypt:1)
  A troll (shapeshifter) (D:13)
  3 spectral guardian serpents (Snake:3)
  11 wind drakes
  A snapping turtle (shapeshifter) (Vaults:5)
  A blink frog (shapeshifter) (D:14)
  A hydra skeleton (Abyss:3)
  8 raiju
  8 dream sheep
  10 snapping turtles
  A raiju (shapeshifter) (D:12)
  A harpy skeleton (Crypt:3)
  A meliai zombie (Crypt:2)
  18 blink frogs
  A guardian serpent skeleton (Crypt:3)
  96 slime creatures
  2 air elementals
  A centaur simulacrum (Crypt:3)
  7 flying skulls
  2 ettin skeletons (Crypt:1)
  3 spriggans (Depths:3)
  19 water elementals
  44 yaks
  A shadow (Abyss:3)
  18 ynoxinuls
  A vampire (D:12)
  8 wraiths
  2 golden eyes (Slime:5)
  6 wyverns
  A black mamba skeleton (Crypt:3)
  A fire bat (Abyss:3)
  10 small abominations
  2 fire elementals
  Eustachio (D:6)
  9 vampire mosquitoes
  7 basilisks
  8 chaos spawn
  9 neqoxecs
  A steam dragon (Lair:5)
  A sea snake simulacrum (Snake:3)
  6 wargs
  5 spatial vortices (WizLab)
  55 nagas
  A faun skeleton (Crypt:3)
  A harpy simulacrum (Crypt:1)
  10 water moccasins
  An acid dragon (D:9)
  A fire bat skeleton (WizLab)
  4 hell hounds
  3 floating eyes
  An ice beast (D:6)
  47 orc warriors
  A guardian serpent simulacrum (Snake:3)
  A hornet zombie (Crypt:1)
  16 large abominations
  3 black bears
  A black bear (shapeshifter) (D:10)
  2 sky beasts (D:6)
  19 ogres
  20 wolves
  2 boggarts
  12 centaurs
  A swamp dragon skeleton (Crypt:3)
  A hog skeleton (Crypt:1)
  8 kobold brigands
  A rime drake skeleton (Crypt:2)
  A wyvern zombie (Crypt:3)
  3 necrophages (Crypt:3)
  4 gnoll sergeants (D:6)
  16 bullfrogs
  2 earth elementals
  3 scorpions
  5 wights (D:6)
  4 killer bees
  3 electric eels
  3 lindwurm simulacra (IceCv)
  A raiju skeleton (WizLab)
  17 howler monkeys
  5 crimson imps
  6 komodo dragon simulacra (IceCv)
  3 quasits
  5 lava snakes (Lair:5)
  13 hounds
  15 orc priests
  2 jellies (D:6)
  A sleepcap (D:5)
  22 orc wizards
  4 iguanas
  5 lightning spires (Zot:2)
  2 naga skeletons
  A deep dwarf skeleton (Crypt:1)
  2 boggart simulacra (D:15)
  A howler monkey zombie (Crypt:2)
  12 mummies (Crypt:3)
  Robin (D:3)
  16 gnolls
  3 acid dragon simulacra (IceCv)
  5 adders
  4 naga simulacra
  A shadow imp (D:8)
  14 white imps
  5 ufetubi
  7 steam dragon simulacra (IceCv)
  2 iguana skeletons
  2 worms (D:2)
  2 dart slugs (D:5)
  108 orcs
  8 ball pythons
  2 bats (D:1)
  5 endoplasms
  A giant cockroach (D:3)
  20 goblins
  13 hobgoblins
  4 jackals (D:4)
  4 quokkas
  A river rat zombie (Crypt:3)
  A frilled lizard (D:1)
  6 kobolds
  5 rats
  5 ball lightnings (Zot:2)
  2 ballistomycete spores (Snake:4)
  A lurking horror (WizLab)
  A tentacle (Shoals:1)
2582 creatures vanquished.

Vanquished Creatures (collateral kills)
  2 orbs of fire (Zot:5)
  Mennas (Crypt:1)
  A Killer Klown (Zot:5)
  Frederick (Vaults:2)
  3 golden dragons
  A pandemonium lord (Pan)
  A bone dragon (Zot:1)
  2 Tzitzimimeh (Depths:2)
  Mlioglotl (Snake:2)
  3 tentacled monstrosities
  2 Orb Guardians (Zot:5)
  An acid blob (Slime:5)
  A titan (Vaults:5)
  A shadow dragon (Vaults:5)
  A death cob (Zot:2)
  4 storm dragons
  2 nagarajas (Snake:4)
  An iron dragon (Vaults:5)
  Roxanne (Shoals:4)
  A fire giant (Depths:2)
  A deep elf sorcerer (Elf:1)
  2 vault wardens
  A deep elf elementalist (Elf:3)
  A draconian scorcher (Zot:5)
  A draconian shifter (Zot:1)
  2 war gargoyles (Vaults:2)
  4 ironbound preservers
  A quicksilver ooze (Slime:4)
  2 cacodemons (Pan)
  9 very ugly things
  A stone giant (Vaults:5)
  A green draconian (Zot:2)
  A black draconian (Zot:2)
  3 red draconians (Zot:2)
  A dire elephant (Vaults:4)
  2 white draconians (Zot:2)
  3 ettins
  3 deep elf death magi
  An entropy weaver (Vaults:2)
  2 merfolk impalers (Shoals:4)
  3 yaktaur captains
  3 deep elf high priests
  An ice dragon (Zot:1)
  2 peacekeepers (Vaults:2)
  A great orb of eyes (Vaults:1)
  14 vault guards
  An ironbound frostheart (Vaults:3)
  A two-headed ogre (Vaults:5)
  A centaur warrior (D:14)
  3 anacondas (Snake:4)
  A tengu warrior (Depths:2)
  3 dancing weapons (Elf:2)
  2 naga warriors (Snake:4)
  A merfolk aquamancer (Shoals:2)
  A deep troll earth mage (Depths:2)
  2 hell knights (Depths:2)
  A deep elf knight (Elf:2)
  6 skeletal warriors
  A bunyip zombie (Crypt:1)
  3 salamander mystics (Snake:4)
  3 sixfirhies
  A sea snake (Shoals:2)
  2 deep trolls
  An orc knight (D:12)
  2 deep elf zephyrmancers
  8 ugly things
  2 ironbound convokers
  A phantasmal warrior (Crypt:1)
  6 deep elf pyromancers
  An orc sorcerer (D:12)
  A mana viper (Snake:1)
  4 shining eyes
  A tengu skeleton (Crypt:1)
  2 fauns (Shoals:3)
  A merfolk siren (Shoals:3)
  2 manticores
  A guardian serpent (Snake:2)
  A salamander (shapeshifter) (Vaults:3)
  A salamander (Snake:4)
  2 moths of wrath (Zot:1)
  2 water nymphs
  A naga mage (Snake:4)
  9 vault sentinels
  4 black mambas
  A torpor snail (shapeshifter) (Vaults:5)
  3 orange demons (Pan)
  3 smoke demons
  2 rime drakes (IceCv)
  2 cane toads
  An eye of devastation (Slime:5)
  3 yaktaurs
  A tengu conjurer (Depths:2)
  A dire elephant skeleton (Crypt:1)
  2 red devils (D:12)
  A jumping spider zombie (Crypt:1)
  7 merfolk
  A wind drake (Shoals:4)
  A snapping turtle (Shoals:4)
  3 slime creatures
  An air elemental (Elf:3)
  A shadow (D:12)
  2 water elementals
  2 basilisks (Lair:2)
  9 nagas
  A two-headed ogre skeleton (Crypt:1)
  An orc warrior (D:12)
  3 centaurs (D:14)
  A bullfrog (Lair:3)
  A lindwurm simulacrum (IceCv)
  An electric eel (D:12)
  A quasit (D:12)
  A komodo dragon simulacrum (IceCv)
  68 ballistomycete spores
308 creatures vanquished.

Vanquished Creatures (others)
  A golden dragon (Zot:1)
  An electric golem (Zot:2)
  A draconian knight (Zot:1)
  A ghost moth (Zot:2)
  A black draconian (Zot:2)
  A lorocyproca (Pan)
  A satyr (Shoals:4)
  2 large abominations (Abyss:2)
  2 shock serpents (Snake:3)
  A deep elf knight (Elf:1)
  A wizard (WizLab)
  A guardian serpent (Snake:4)
  A hellwing (Depths:4)
  A hell hound (Lair:5)
  An orc wizard (Vaults:4)
  2 orcs
  7 ballistomycete spores
  20 starspawn tentacles
  7 tentacles (Shoals:1)
53 creatures vanquished.

Grand Total: 2943 creatures vanquished

Notes
Turn   | Place    | Note
-------+----------+-------------------------------------------
     0 | D:1      | Nonny the Merfolk Gladiator began the quest for the Orb.
     0 | D:1      | Reached XP level 1. HP: 16/16 MP: 1/1
    24 | D:1      | Starting vault: lava tile
   303 | D:1      | Reached XP level 2. HP: 22/22 MP: 2/2
   319 | D:1      | Reached skill level 1 in Stealth
   840 | D:3      | Reached XP level 3. HP: 20/27 MP: 3/3
   870 | D:4      | At least two orc priests.
  1135 | D:3      | Noticed Robin
  1150 | D:3      | Killed Robin
  1208 | D:4      | Noticed an animated storm dragon scales
  1208 | D:4      | Noticed an animated storm dragon scales
  1208 | D:4      | Noticed an ogre
  1208 | D:4      | Found Lucefeoxt's Armour Shoppe.
  1213 | D:4      | Noticed a scorpion
  1235 | D:3      | Killed a scorpion
  1236 | D:3      | Reached skill level 5 in Long Blades
  1236 | D:3      | Reached skill level 5 in Dodging
  1236 | D:3      | Reached XP level 4. HP: 31/33 MP: 4/4
  1390 | D:3      | Reached XP level 5. HP: 38/38 MP: 5/5
  1402 | D:3      | Amulet of regen in northwest :)
  1752 | D:4      | Bought a +0 kite shield for 58 gold pieces
  1889 | D:4      | Killed an ogre
  1890 | D:4      | Reached XP level 6. HP: 44/44 MP: 6/6
  1986 | D:5      | Entered Level 5 of the Dungeon
  2023 | D:5      | Found Coretsy's Distillery.
  2084 | D:5      | Found an ornate altar of the Wu Jian Council.
  2155 | D:5      | Found a shimmering blue altar of Sif Muna.
  2155 | D:5      | Found a white marble altar of Elyvilon.
  2278 | D:5      | Tree and stone wall vault in northwest; contains lone orc
                  | with +0 mace. Dude just wanted to nap.
  2348 | D:5      | Reached skill level 1 in Shields
  2348 | D:5      | Reached XP level 7. HP: 51/51 MP: 7/7
  2357 | D:5      | Identified the +0 war axe "Vuiskoho" {elec, *Slow rN+
                  | Dex+6}
  2488 | D:5      | Found a shimmering altar of Xom.
  2490 | D:5      | Found an ancient bone altar of Kikubaaqudgha.
  2605 | D:6      | Found a large runed translucent door.
  2605 | D:6      | Found a large runed translucent door.
  2642 | D:6      | Noticed a basilisk
  2662 | D:6      | Killed a basilisk
  2663 | D:6      | Reached XP level 8. HP: 23/58 MP: 8/8
  2786 | D:6      | Noticed Eustachio
  2809 | D:6      | Killed Eustachio
  2860 | D:6      | Reached skill level 10 in Long Blades
  2919 | D:6      | Found a large runed translucent door.
  2922 | D:6      | Found a large runed translucent door.
  2923 | D:6      | Noticed a wyvern
  2936 | D:6      | Killed a wyvern
  3006 | D:6      | Reached XP level 9. HP: 11/66 MP: 9/9
  3109 | D:6      | Found a burning altar of Makhleb.
  3110 | D:6      | Found a radiant altar of Vehumet.
  3136 | D:6      | Reached skill level 5 in Shields
  3439 | D:6      | +8 chain mail of ponderousness in northwest corner
  3520 | D:7      | Found a flagged portal.
  3543 | Bailey   | Entered a bailey
  3720 | Bailey   | Reached skill level 5 in Fighting
  4037 | D:7      | Found a staircase to the Ecumenical Temple.
  4064 | Temple   | Entered the Ecumenical Temple
  4105 | Temple   | Became a worshipper of Fedhas Madash
  4106 | Temple   | Temple: the neighborhood
  4828 | D:2      | Found an ancient bone altar of Kikubaaqudgha.
  5364 | D:2      | D:2 iguana
  5867 | D:4      | Reached * piety under Fedhas
  6013 | D:6      | Reached skill level 1 in Invocations
  6141 | D:5      | Reached skill level 2 in Invocations
  6269 | D:6      | Gnoll fort with kobolds and brigands and orcs in the south.
  6276 | D:6      | Noticed a troll
  6283 | D:6      | Reached XP level 10. HP: 35/76 MP: 11/11
  6324 | D:6      | Reached skill level 3 in Invocations
  6461 | D:6      | Reached ** piety under Fedhas
  6544 | D:6      | Reached skill level 4 in Invocations
  7022 | D:6      | Identified the +4 lajatang of the Teaching Gods {antimagic,
                  | Int+5}
  7256 | D:7      | Noticed Joseph
  7277 | D:7      | Killed Joseph
  7679 | D:8      | Found a staircase to the Lair.
  7694 | D:8      | Reached skill level 5 in Invocations
  7816 | D:8      | Noticed Psyche
  7836 | D:8      | Killed Psyche
  7837 | D:8      | Reached XP level 11. HP: 84/84 MP: 12/15
  7927 | D:8      | Reached *** piety under Fedhas
  8467 | Lair:1   | Entered Level 1 of the Lair of Beasts
  8574 | Lair:1   | Reached skill level 10 in Shields
  8637 | Lair:1   | Identified a scroll of acquirement
  8637 | Lair:1   | Acquired 1289 gold pieces
  8653 | Lair:1   | Noticed Fannar
  8829 | Lair:1   | Reached skill level 6 in Invocations
  8837 | Lair:1   | Found a white marble altar of Elyvilon.
  9093 | Lair:1   | phial of floods in west
  9240 | Lair:1   | Noticed Maggie
  9264 | Lair:1   | Killed Maggie
  9873 | Lair:2   | Noticed an oklob plant
  9883 | Lair:2   | Oklob plant in east.
 10268 | Lair:2   | Killed Fannar
 10343 | Lair:2   | Found a staircase to the Shoals.
 10378 | Lair:2   | Reached skill level 1 in Evocations
 10378 | Lair:2   | Reached XP level 12. HP: 95/95 MP: 16/16
 11358 | Lair:3   | Reached **** piety under Fedhas
 11573 | Lair:3   | Found a staircase to the Snake Pit.
 11740 | Lair:3   | Noticed a boulder beetle
 11787 | Lair:3   | Killed a boulder beetle
 11839 | Lair:3   | Noticed a seven-headed hydra
 12111 | Lair:3   | Killed a seven-headed hydra
 12112 | Lair:3   | Reached skill level 10 in Fighting
 12627 | Lair:4   | Identified the +0 pair of boots "Ithu" {Rampage Drain Fly
                  | rPois}
 12969 | Lair:4   | Noticed Sonja
 12987 | Lair:4   | Reached XP level 13. HP: 76/104 MP: 12/17
 12989 | Lair:4   | Killed Sonja
 13530 | Lair:5   | Entered Level 5 of the Lair of Beasts
 13658 | Lair:5   | Found a viscous altar of Jiyva.
 13659 | Lair:5   | Found a staircase to the Slime Pits.
 14704 | Lair:5   | Found a large runed translucent door.
 14705 | Lair:5   | Noticed a fire dragon
 14705 | Lair:5   | Found a large runed translucent door.
 14740 | Lair:5   | Reached skill level 15 in Shields
 14948 | Lair:5   | Reached skill level 7 in Invocations
 15061 | Lair:5   | Killed a fire dragon
 15724 | D:9      | Identified the +3 leather armour of Otrow {+Inv}
 16368 | D:10     | Entered Level 10 of the Dungeon
 16573 | D:10     | Noticed Harold
 16801 | D:10     | Found a staircase to the Orcish Mines.
 16821 | D:10     | Reached ***** piety under Fedhas
 16879 | D:10     | It should be noted that an orc knight spawns here.
 16880 | Orc:1    | Entered Level 1 of the Orcish Mines
 16880 | Orc:1    | Noticed an orc warlord
 16882 | Orc:1    | Killed an orc warlord
 16883 | Orc:1    | Reached skill level 1 in Armour
 16883 | Orc:1    | Reached XP level 14. HP: 58/114 MP: 19/19
 16974 | Orc:1    | You fall into a shaft and drop 1 floor!
 16974 | Orc:2    | Entered Level 2 of the Orcish Mines
 17203 | Orc:2    | Found a frozen archway.
 17215 | Orc:2    | Ice cave entrance in east.
 17216 | IceCv    | Entered an ice cave
 17495 | IceCv    | Found the +4 skin of Zhor {*Englaciate rC+++ SInv}
 17518 | IceCv    | Reached skill level 8 in Invocations
 17687 | IceCv    | Ice dragon boss.
 17690 | IceCv    | Learned a level 1 spell: Apportation
 17729 | IceCv    | Reached skill level 5 in Stealth
 17807 | IceCv    | Identified the amulet of the Raven {Faith rN+ Dex+5}
 18077 | Orc:2    | Found a staircase to the Elven Halls.
 18208 | Orc:2    | Found Liesicey's Antique Weapon Shop.
 18208 | Orc:2    | Found Sinwoobi's Armour Shoppe.
 18208 | Orc:2    | Found Vaoffosa's Magic Scroll Emporium.
 18278 | Orc:2    | Found Ytiqaf's Assorted Antiques.
 18283 | Orc:2    | Centaur bridge ending
 18284 | Orc:2    | Bought a scroll of teleportation for 87 gold pieces
 18284 | Orc:2    | Bought a falchion for 87 gold pieces
 18284 | Orc:2    | Bought a potion of curing for 87 gold pieces
 18287 | Orc:2    | Bought a polished dagger for 154 gold pieces
 18287 | Orc:2    | Identified the +6 dagger of Hiyxeu Qink {freeze, Contam rC+
                  | Will+ SInv} (You bought it in a shop on level 2 of the
                  | Orcish Mines)
 18291 | Orc:2    | Bought a scroll of blinking for 97 gold pieces
 18291 | Orc:2    | Bought a scroll of blinking for 97 gold pieces
 18291 | Orc:2    | Bought a scroll of teleportation for 39 gold pieces
 18291 | Orc:2    | Bought a scroll of teleportation for 39 gold pieces
 18291 | Orc:2    | Bought a scroll of fog for 52 gold pieces
 18296 | Orc:2    | Bought a scroll of enchant armour for 217 gold pieces
 18296 | Orc:2    | Bought a wand of flame (9) for 182 gold pieces
 18540 | Orc:2    | Paralysed by an orc sorcerer for 4 turns
 19174 | Orc:1    | Found Fufutimu's Antique Armour Shoppe.
 19203 | Orc:1    | Reached ****** piety under Fedhas
 19329 | Orc:1    | Noticed Jorgrun
 19360 | Orc:1    | Killed Jorgrun
 19702 | D:10     | Found a portal to a secret trove of treasure.
 20003 | D:10     | Reached skill level 9 in Invocations
 20492 | D:10     | Killed Harold
 20810 | D:11     | Noticed Maurice
 20830 | D:11     | Killed Maurice
 20831 | D:11     | Reached skill level 10 in Dodging
 20841 | D:11     | cloak of willpower on Maurice
 21389 | D:11     | phantom mirror in southeast
 21503 | D:11     | Noticed Lodul
 21536 | D:11     | Killed Lodul
 22006 | D:11     | Reached XP level 15. HP: 76/123 MP: 22/22
 22082 | D:11     | Identified the staff of fire "Muyps" {rF+ Str+5 Stlth+}
 22163 | D:12     | Abyss corruptions
 22605 | D:12     | Reached skill level 10 in Invocations
 23270 | D:13     | Found the +3 warlock's mirror {omnireflect}
 23623 | D:13     | Acquired the +1 double sword "Afatoama" {freeze, Will++
                  | Str+5 Int-2}
 23768 | D:13     | Found a runed translucent door.
 23769 | D:13     | Found a shimmering altar of Xom.
 23769 | D:13     | Noticed fireball365's ghost (journeyman HOFi)
 24025 | D:14     | Reached skill level 11 in Invocations
 24110 | D:14     | Found a gate to the Vaults.
 24209 | D:14     | lightning rod
 24486 | D:14     | Reached skill level 5 in Armour
 24663 | D:14     | Reached XP level 16. HP: 112/134 MP: 24/24
 24669 | D:14     | Partially waterlogged floor. Great for merfolk. B)
 24741 | D:14     | Identified the +12 dagger "Esevek" {freeze, rElec rC++
                  | Str-4 Int+3}
 24899 | D:15     | Entered Level 15 of the Dungeon
 24899 | D:15     | Found Lixzaw's Distillery.
 24909 | D:15     | Bought a potion of curing for 39 gold pieces
 24909 | D:15     | Bought a potion of curing for 39 gold pieces
 24909 | D:15     | Bought a potion of heal wounds for 65 gold pieces
 24909 | D:15     | Bought a potion of haste for 130 gold pieces
 24909 | D:15     | Bought a potion of heal wounds for 65 gold pieces
 24909 | D:15     | Bought a potion of flight for 39 gold pieces
 24909 | D:15     | Bought a potion of invisibility for 104 gold pieces
 24909 | D:15     | Bought a potion of mutation for 104 gold pieces
 24909 | D:15     | Bought a potion of mutation for 104 gold pieces
 24909 | D:15     | Bought a potion of degeneration for 13 gold pieces
 24940 | D:15     | Identified the amulet "Jaeqicag" {Reflect rF+ rC- Int+2
                  | SH+5}
 25074 | D:15     | Found Genid's General Store.
 25080 | D:15     | Bought a potion of heal wounds for 75 gold pieces
 25080 | D:15     | Bought a scroll of fear for 60 gold pieces
 25165 | D:15     | Reached skill level 15 in Fighting
 25173 | D:15     | Found Kenus's Assorted Antiques.
 25267 | D:15     | Found Byfurut's Antique Weapon Boutique.
 25517 | D:15     | Found a staircase to the Depths.
 25750 | D:15     | Found Bybbumig's Antique Weapon Boutique.
 25760 | D:15     | Bought a masterwork battleaxe for 379 gold pieces
 25760 | D:15     | Identified the +1 battleaxe of Namo {antimagic, rF+ Dex+5
                  | Stlth-} (You bought it in a shop on level 15 of the
                  | Dungeon)
 25983 | Shoals:1 | Entered Level 1 of the Shoals
 26133 | Shoals:1 | Noticed a kraken
 26338 | Shoals:1 | Found Fixid's Merfolk Magic.
 26338 | Shoals:1 | Found Fixid's Visitors' Centre.
 26365 | Shoals:1 | Found Fixid's Merfolk Armours.
 26365 | Shoals:1 | Found Fixid's Merfolk Weapons.
 26385 | Shoals:1 | Bought a throwing net for 45 gold pieces
 26385 | Shoals:1 | Bought 2 poisoned darts for 18 gold pieces
 26385 | Shoals:1 | Bought 2 curare-tipped darts for 36 gold pieces
 26390 | Shoals:1 | Bought a scroll of teleportation for 300 gold pieces
 26399 | Shoals:1 | Bought a scarf of shadows for 240 gold pieces
 26489 | Shoals:1 | Reached skill level 12 in Invocations
 26713 | Shoals:1 | Killed a kraken
 26746 | Shoals:1 | Found Unugacago's Jewellery Shop.
 26755 | Shoals:1 | Bought the ring "Qoneural" {rC+ Int+3} for 574 gold pieces
 26789 | Shoals:1 | Found Muhos's Overcharged Wands.
 27461 | Shoals:2 | Found Inidien's General Store.
 27469 | Shoals:2 | Bought a potion of haste for 180 gold pieces
 27469 | Shoals:2 | Bought a potion of berserk rage for 90 gold pieces
 27469 | Shoals:2 | Bought a wand of digging (6) for 453 gold pieces
 28293 | Shoals:3 | Reached XP level 17. HP: 109/145 MP: 13/26
 28509 | Shoals:3 | Reached skill level 15 in Dodging
 29272 | Snake:1  | Entered Level 1 of the Snake Pit
 30004 | Snake:1  | This floor layout resembles the serpentine rune.
 30015 | Snake:2  | Noticed Vashnia
 30632 | Snake:2  | Noticed Mlioglotl
 31538 | Snake:2  | Noticed Kirke
 31551 | Snake:2  | Killed Kirke
 31720 | Snake:2  | Killed Vashnia
 32155 | Snake:2  | Killed Mlioglotl
 32168 | Snake:2  | Reached skill level 15 in Long Blades
 32377 | Snake:3  | Reached XP level 18. HP: 156/156 MP: 27/27
 32633 | Snake:3  | Found a runed translucent gate.
 32633 | Snake:3  | Found a runed translucent gate.
 32633 | Snake:3  | Found a runed translucent gate.
 32643 | Snake:3  | Noticed Mohahec's ghost (adept MiFi)
 33006 | Snake:3  | Undead vault.
 33097 | Snake:3  | Reached skill level 13 in Invocations
 33439 | Snake:3  | Killed Mohahec's ghost
 33485 | Snake:4  | Entered Level 4 of the Snake Pit
 33569 | Snake:4  | Identified the +1 dagger of Eternity {flame, Fly rElec rN+}
 34192 | Snake:4  | Reached skill level 14 in Invocations
 34205 | Snake:4  | Got a serpentine rune of Zot
 34646 | Snake:4  | Reached XP level 19. HP: 165/165 MP: 29/29
 35157 | Shoals:4 | Entered Level 4 of the Shoals
 35268 | Shoals:4 | Identified the +1 scale mail "Siusmipes" {-Tele Contam
                  | rC+++ Str+3}
 35484 | Shoals:4 | Identified the +3 chain mail of Gogut {rPois Dex+2}
 35631 | Shoals:4 | Manual of staves in northwest
 35840 | Shoals:4 | Identified the +5 mace "Lyhaes" {heavy, rPois Str+10 Dex-2}
 36094 | Shoals:4 | Identified Roxanne's Collected Works on Metamorphosis
 36094 | Shoals:4 | Noticed Roxanne
 36173 | Shoals:4 | Killed Roxanne
 36359 | Shoals:4 | Got a barnacled rune of Zot
 36360 | Shoals:4 | Rune at center of floor.
 36610 | Shoals:4 | Reached skill level 15 in Invocations
 36753 | Shoals:1 | Bought a +0 pair of boots of stealth for 230 gold pieces
 36999 | Vaults:1 | Entered Level 1 of the Vaults
 38563 | Vaults:2 | Identified the amulet of Esmeeb {Acrobat rC+}
 38602 | Vaults:2 | Reached XP level 20. HP: 141/174 MP: 31/31
 38723 | Vaults:2 | Found a flickering gateway to a bazaar.
 38731 | Vaults:2 | Bazaar is in the west.
 38732 | Bazaar   | Entered a bazaar
 38733 | Bazaar   | Found Lyfoppib's Distillery.
 38733 | Bazaar   | Found Mezxiajo's Magic Scroll Boutique.
 38734 | Bazaar   | Found Lakhetiq's Antique Armour Emporium.
 38740 | Bazaar   | Bought a scroll of butterflies for 64 gold pieces
 38740 | Bazaar   | Bought a scroll of enchant armour for 120 gold pieces
 38763 | Bazaar   | Bought a potion of heal wounds for 75 gold pieces
 38767 | Bazaar   | Found Ubroxoo's General Store.
 38936 | Bazaar   | Bazaar: happy plants :)
 38958 | Bazaar   | Bought a scroll of teleportation for 48 gold pieces
 38958 | Bazaar   | Bought a scroll of teleportation for 48 gold pieces
 38958 | Bazaar   | Bought a scroll of teleportation for 48 gold pieces
 38958 | Bazaar   | Bought a scroll of teleportation for 48 gold pieces
 38982 | Bazaar   | Bought a potion of curing for 45 gold pieces
 38982 | Bazaar   | Bought a potion of curing for 45 gold pieces
 38982 | Bazaar   | Bought a potion of cancellation for 120 gold pieces
 38982 | Bazaar   | Bought a potion of haste for 150 gold pieces
 39158 | Vaults:2 | Noticed Donald
 39169 | Vaults:2 | Killed Donald
 39183 | Vaults:2 | Found a staircase to the Crypt.
 39199 | Vaults:2 | Noticed Frederick
 39211 | Vaults:2 | Killed Frederick
 39521 | Vaults:2 | Reached skill level 16 in Invocations
 40432 | Vaults:2 | +0 gloves of strength in southeast behind several enemies
 41420 | Vaults:3 | Reached XP level 21. HP: 183/183 MP: 31/33
 41941 | Vaults:3 | Reached skill level 17 in Invocations
 42290 | Vaults:4 | Reached skill level 1 in Translocations
 42456 | Vaults:4 | Found a magical portal.
 42463 | WizLab   | Entered The Roulette of Golubria
 42463 | WizLab   | Found a transporter.
 42513 | WizLab   | Found the +1 cloak of Starlight {*Dazzle EV+4 Stlth--}
 42513 | WizLab   | Found the +2 cloak of the Thief {*Fog Slay-2 SInv Stlth+}
 42552 | WizLab   | Found a transporter.
 42552 | WizLab   | Found a transporter.
 42623 | WizLab   | Found a transporter.
 42690 | WizLab   | Found a transporter.
 42703 | WizLab   | Found a transporter.
 42704 | WizLab   | Found a corrupted altar of Lugonu.
 42732 | WizLab   | Found a transporter.
 42737 | WizLab   | Found a transporter.
 42767 | WizLab   | Found a transporter.
 42827 | WizLab   | Found a transporter.
 42891 | WizLab   | Found a transporter.
 42910 | WizLab   | Found a transporter.
 42954 | WizLab   | Found a transporter.
 43008 | WizLab   | Found a transporter.
 43015 | WizLab   | Found a transporter.
 43086 | WizLab   | Found a transporter.
 43086 | WizLab   | Found a transporter.
 43150 | WizLab   | Found a transporter.
 43175 | WizLab   | Found a transporter.
 43205 | WizLab   | Found a corrupted altar of Lugonu.
 43211 | WizLab   | Found a transporter.
 43284 | WizLab   | Identified the +0 cloak of Ihia {MP+9 Str+3}
 43383 | WizLab   | Identified the ring "Gompus" {Fly rPois Str+2 Slay+4}
 44750 | Vaults:5 | Entered Level 5 of the Vaults
 45308 | Vaults:5 | Reached XP level 22. HP: 181/192 MP: 27/34
 45445 | Vaults:5 | Very ugly thing IN THE ABSOLUTE SOUTHEAST CORNER.
 45554 | Vaults:5 | Reached skill level 18 in Invocations
 45778 | Vaults:5 | Found the sphere of Battle
 45779 | Vaults:5 | Identified the staff of fire "Vuntuol" {rElec rF+ Int+3
                  | Stlth-}
 45780 | Vaults:5 | Identified the staff of death "Qonyrphy" {rC- rN+ Will++}
 46134 | Vaults:5 | Noticed a golden dragon
 46720 | Vaults:5 | Killed a golden dragon
 46825 | Vaults:5 | Got a silver rune of Zot
 46826 | Vaults:5 | Silver rune in northwest
 47538 | D:13     | Killed fireball365's ghost
 47544 | D:13     | Identified the +2 short sword of the Iron City of Dis
                  | {vamp, rC+ rN+ Will-}
 47676 | Elf:1    | Entered Level 1 of the Elven Halls
 47676 | Elf:1    | Found a runed translucent gate.
 47676 | Elf:1    | Found a runed translucent gate.
 47676 | Elf:1    | Found a runed translucent gate.
 47676 | Elf:1    | Found a runed translucent gate.
 47676 | Elf:1    | Found a runed translucent gate.
 47676 | Elf:1    | Found a runed translucent gate.
 47677 | Elf:1    | Found a runed translucent door.
 47736 | Elf:1    | Found a runed translucent door.
 47753 | Elf:1    | Identified the +4 morningstar of Gallantry {drain, rElec
                  | Int+4 Stlth+}
 47921 | Elf:1    | Reached skill level 19 in Invocations
 48150 | Elf:1    | Identified the +3 glaive of the Eternal Warrior {heavy,
                  | rElec rF- Dex+5}
 48164 | Elf:1    | Identified the +7 scale mail of Elyvilon's Envy {rCorr
                  | Int+2 Dex+3}
 48481 | Elf:1    | Reached XP level 23. HP: 201/201 MP: 36/36
 48491 | Elf:1    | Got the Secrets of the Volley
 49141 | Elf:2    | Found a runed translucent gate.
 49142 | Elf:2    | Found a runed translucent gate.
 49142 | Elf:2    | Found a runed translucent gate.
 49832 | Elf:3    | Entered Level 3 of the Elven Halls
 50119 | Elf:3    | Noticed Asterion
 50131 | Elf:3    | Killed Asterion
 50164 | Elf:3    | Noticed Aizul
 50180 | Elf:3    | Killed Aizul
 50601 | Shoals:1 | Bought the ring "Rifryote" {Will++ MP-9 AC+4 Int+2 Stlth+}
                  | for 721 gold pieces
 50914 | Elf:3    | Noticed Bai Suzhen
 50958 | Elf:3    | Killed Bai Suzhen
 51440 | Elf:3    | Reached skill level 20 in Invocations
 51440 | Elf:3    | Identified the +10 quarterstaff "Nonny's Regret" {vamp,
                  | rC+++ Will- Int+5 Stlth+}
 51440 | Elf:3    | Identified the ring of Coum Wej {AC+4 Str+5}
 51990 | Elf:3    | Identified the amulet "Batiom" {Drain Fly rN+ Regen+}
 52021 | Elf:3    | Identified the +1 spear "Pewut" {heavy, *Rage *Slow rN+++
                  | Dex+8}
 52103 | Elf:3    | Got the Enchiridion on Liminal Power
 52130 | Elf:3    | manual of polearms
 52151 | Elf:3    | Identified the +0 cloak "Xunimpud" {Will+}
 52166 | Elf:3    | Identified the +0 cloak of the Solstice {Int+3}
 52180 | Elf:3    | Identified the +1 shortbow "Eneghig" {speed, rPois}
 53857 | Slime:1  | Entered Level 1 of the Pits of Slime
 54451 | Slime:4  | Paralysed by a floating eye for 2 turns
 55067 | Slime:5  | Entered Level 5 of the Pits of Slime
 55080 | Slime:5  | Reached XP level 24. HP: 210/210 MP: 28/37
 55810 | Slime:5  | Found a viscous altar of Jiyva.
 56130 | Slime:5  | Noticed the Royal Jelly
 56190 | Slime:5  | Gained mutation: Your flesh is cold resistant. (rC+) [a
                  | shining eye]
 56197 | Slime:5  | Killed the Royal Jelly
 56390 | Slime:5  | Identified the staff of earth "Xinkydwa" {*Corrode Fly rC++
                  | Int+2}
 56418 | Slime:5  | Identified the +0 lajatang "Kyabem" {chaos, Fragile rPois
                  | rF+ SInv}
 56472 | Slime:5  | Got a slimy rune of Zot
 56473 | Slime:5  | Identified the +9 trident of Johear {elec, rElec Will+++
                  | Int-2 SInv}
 56519 | Slime:5  | manual of ranged weapons
 57159 | Depths:1 | Entered Level 1 of the Depths
 57385 | Depths:1 | Reached skill level 21 in Invocations
 57812 | Depths:1 | Found a transporter.
 57903 | Depths:1 | Found a sparkling altar of Nemelex Xobeh.
 58370 | Depths:1 | Found a gateway to Hell.
 58599 | Depths:1 | This vault contains rakshasa, ice dragon, merfolk
                  | javelineer, and stone giant.
 58713 | Depths:2 | Found a one-way gateway to a ziggurat.
 59777 | Depths:2 | Reached skill level 5 in Evocations
 59919 | Depths:2 | Found a corrupted altar of Lugonu.
 59919 | Depths:2 | Found a one-way gate to the infinite horrors of the Abyss.
 61168 | Depths:2 | Found a one-way gate leading to the halls of Pandemonium.
 61231 | Depths:2 | Identified the staff of cold "Icohoc" {rC+ Str+3}
 61585 | Depths:2 | Voluntarily entered the Abyss.
 61623 | Abyss:2  | Found a corrupted altar of Lugonu.
 61647 | Abyss:2  | Found a corrupted altar of Lugonu.
 61699 | Abyss:2  | Noticed an ancient lich
 61714 | Abyss:2  | Killed an ancient lich
 61715 | Abyss:2  | Reached XP level 25. HP: 202/219 MP: 37/37
 62005 | Abyss:2  | Gained mutation: You occasionally lose the ability to read
                  | scrolls when taking damage. [a neqoxec]
 62267 | Depths:2 | Escaped the Abyss
 62526 | Depths:2 | Voluntarily entered the Abyss.
 62526 | Abyss:3  | Found a corrupted altar of Lugonu.
 62584 | Abyss:4  | Got an abyssal rune of Zot
 62593 | Abyss:4  | Gained mutation: You are clumsy. (Dex -2) [a neqoxec]
 62601 | Abyss:4  | Lost mutation: You occasionally lose the ability to read
                  | scrolls when taking damage. [potion of mutation]
 62601 | Abyss:4  | Lost mutation: Your flesh is cold resistant. (rC+) [potion
                  | of mutation]
 62601 | Abyss:4  | Lost mutation: You are clumsy. (Dex -2) [potion of
                  | mutation]
 62601 | Abyss:4  | Gained mutation: You have hidden genetic potential. [potion
                  | of mutation]
 62601 | Abyss:4  | Gained mutation: You have great hidden genetic potential.
                  | [potion of mutation]
 62605 | Abyss:4  | Found a corrupted altar of Lugonu.
 62618 | Depths:2 | Escaped the Abyss
 62677 | Depths:4 | Entered Level 4 of the Depths
 62936 | Depths:4 | Dwarven Hell entrance
 62952 | Depths:4 | Got the Parchment of the Body
 63439 | Depths:4 | Reached skill level 22 in Invocations
 63736 | Depths:4 | Found a gate to the Realm of Zot.
 64303 | Depths:3 | Found a shimmering blue altar of Sif Muna.
 64458 | Depths:3 | Found Huptaygu's Antique Weapon Boutique.
 64467 | Depths:3 | Bought a crystal war axe for 195 gold pieces
 64467 | Depths:3 | Identified the +2 war axe of Zoilir {venom, *Noise Str+5
                  | Int+4} (You bought it in a shop on level 3 of the Depths)
 64669 | Depths:3 | Water elemental was in this vault.
 66073 | Pan      | Entered Pandemonium
 66639 | Pan      | Noticed Jogych the pandemonium lord
 66709 | Pan      | Killed Jogych the pandemonium lord
 66765 | Pan      | Identified the +3 ring mail "Gaoqat" {*Corrode rElec Int+2}
 67375 | Pan      | Entered the realm of Cerebov.
 67549 | Pan      | Reached XP level 26. HP: 226/229 MP: 12/38
 67816 | Pan      | Found the +6 sword of Cerebov {flame}
 67816 | Pan      | Noticed Cerebov
 68055 | Pan      | Gained mutation: You are clumsy. (Dex -2) [mutagenic glow]
 68097 | Pan      | Gained mutation: Armour fits poorly on your strangely
                  | shaped body. [mutagenic glow]
 68123 | Pan      | Killed Cerebov
 68359 | Pan      | Identified the +0 flail of Fykap {flame, Will++ Dex+3
                  | Stlth+}
 68374 | Pan      | Identified the +0 dagger "Newtbane" {venom, Dex+4}
 68376 | Pan      | Identified the +10 morningstar of Mocwotus {drain, rCorr
                  | Int-5 Dex+3}
 68409 | Pan      | Identified the +4 rapier "Anuimn" {elec, rF+ rN+ SInv
                  | Stlth+}
 68487 | Pan      | Identified the +10 plate armour "Yptofe" {rC+}
 68488 | Pan      | Identified the +9 plate armour of Vuesk {Harm Int-3 Dex+5}
 68623 | Pan      | Lost mutation: You are clumsy. (Dex -2) [hidden potential]
 68696 | Pan      | Identified the +9 mace of Tumult {protect, Int+3}
 69933 | Pan      | Reached skill level 23 in Invocations
 69959 | Pan      | Got a fiery rune of Zot
 70059 | Pan      | Found an exit through the horrors of the Abyss.
 70062 | Pan      | Took an exit into the Abyss.
 70062 | Abyss:4  | Escaped into the Abyss
 70079 | Depths:2 | Escaped the Abyss
 70193 | Zot:1    | Entered Level 1 of the Realm of Zot
 70194 | Zot:1    | Silver + Fiery + Serpentine
 70679 | Zot:1    | You fall into a shaft and drop 1 floor!
 70734 | Zot:2    | Noticed an orb of fire
 70753 | Zot:2    | Killed an orb of fire
 70762 | Zot:2    | Reached skill level 10 in Evocations
 71735 | Zot:1    | Reached XP level 27. HP: 202/240 MP: 38/38
 72216 | Zot:1    | Dragon vault
 72861 | Zot:1    | Identified the +7 broad axe of Fate {drain, Int+6}
 72861 | Zot:1    | Found the +4 dragonskin cloak
 72861 | Zot:1    | Noticed Tiamat
 72950 | Zot:1    | Reached skill level 24 in Invocations
 73032 | Zot:1    | Killed Tiamat
 73269 | Zot:1    | Identified the +0 helmet "Vintixzi" {rF- rC+++ rCorr Int-5}
 73281 | Zot:1    | manual of short blades
 73284 | Zot:1    | Identified the staff of earth "Cagixkue" {rN+}
 73294 | Zot:1    | Identified the +0 pair of gloves "Nuzuenas" {Rampage Int+4}
 73363 | Zot:1    | Got Irhe's Grimoire of Nival Gases
 73434 | Zot:1    | Identified the +2 trident of Pockasix {freeze, rN+}
 73602 | Zot:1    | Identified the +1 ring mail of Puekheuv {Harm rCorr}
 73632 | Zot:1    | Gained mutation: You are robust. (+10% HP) [hidden
                  | potential]
 73632 | Zot:1    | Lost mutation: You have great hidden genetic potential.
                  | [hidden potential expressed]
 74935 | Zot:2    | Insane electricity vault.
 76078 | Zot:3    | Noticed an orb of fire
 76165 | Zot:3    | Killed an orb of fire
 76166 | Zot:3    | Reached skill level 25 in Invocations
 76299 | Zot:3    | Noticed Qedehuc's ghost (master DECj)
 76308 | Zot:3    | Found a runed translucent door.
 76555 | Zot:3    | Lost mutation: You have hidden genetic potential. [potion
                  | of mutation]
 76555 | Zot:3    | Lost mutation: You are robust. (+10% HP) [potion of
                  | mutation]
 76555 | Zot:3    | Lost mutation: Armour fits poorly on your strangely shaped
                  | body. [potion of mutation]
 76555 | Zot:3    | Gained mutation: Your flesh is heat resistant. (rF+)
                  | [potion of mutation]
 76555 | Zot:3    | Gained mutation: You are agile. (Dex +4, Str/Int -1)
                  | [potion of mutation]
 79035 | Zot:5    | Entered Level 5 of the Realm of Zot
 79706 | Zot:5    | Found a transporter.
 79711 | Zot:5    | Found a bloodstained altar of Trog.
 79711 | Zot:5    | Noticed Celoneuts's ghost (legendary OpSu)
 79716 | Zot:5    | Found a transporter.
 79721 | Zot:5    | Identified the +0 cloak "Ceqiat" {Will+ Regen+ Dex-3}
 79740 | Zot:5    | Identified the +1 cloak of the Ladybird {*Corrode rElec rF+
                  | Int+6 Dex+3}
 80183 | Zot:5    | Noticed a dread lich
 80316 | Zot:5    | Killed a dread lich
 80793 | Zot:5    | Noticed an orb of fire
 80862 | Zot:5    | Gained mutation: Your body sometimes deteriorates upon
                  | taking damage. [an orb of fire]
 80868 | Zot:5    | Killed an orb of fire
 80982 | Zot:5    | Lost mutation: Your body sometimes deteriorates upon taking
                  | damage. [potion of mutation]
 80982 | Zot:5    | Lost mutation: You are agile. (Dex +4, Str/Int -1) [potion
                  | of mutation]
 80982 | Zot:5    | Gained mutation: Your flesh is very heat resistant. (rF++)
                  | [potion of mutation]
 80982 | Zot:5    | Gained mutation: You are agile. (Dex +4, Str/Int -1)
                  | [potion of mutation]
 80986 | Zot:5    | Noticed an orb of fire
 80998 | Zot:5    | Killed an orb of fire
 81157 | Zot:5    | Noticed an orb of fire
 81164 | Zot:5    | Killed an orb of fire
 81642 | Zot:5    | Noticed an orb of fire
 81714 | Zot:5    | Noticed a dread lich
 81731 | Zot:4    | Killed a dread lich
 81732 | Zot:4    | Reached skill level 26 in Invocations
 81766 | Zot:5    | Gained mutation: You sometimes lose your temper in combat.
                  | [an orb of fire]
 81771 | Zot:5    | Gained mutation: You are weak. (Str -2) [an orb of fire]
 81774 | Zot:5    | Killed an orb of fire
 81793 | Zot:5    | Lost mutation: You are weak. (Str -2) [potion of mutation]
 81793 | Zot:5    | Lost mutation: Your flesh is very heat resistant. (rF++)
                  | [potion of mutation]
 81793 | Zot:5    | Lost mutation: You sometimes lose your temper in combat.
                  | [potion of mutation]
 81793 | Zot:5    | Lost mutation: Your flesh is heat resistant. (rF+) [potion
                  | of mutation]
 82093 | Zot:5    | Noticed an orb of fire
 82094 | Zot:5    | Noticed an ancient lich
 82098 | Zot:5    | Gained mutation: You have an increased reservoir of magic.
                  | (+10% MP) [an orb of fire]
 82112 | Zot:5    | Killed an orb of fire
 82115 | Zot:5    | Killed an ancient lich
 83087 | Crypt:1  | Entered Level 1 of the Crypt
 83293 | Crypt:1  | Noticed Vv
 83315 | Crypt:1  | Killed Vv
 83387 | Crypt:1  | Noticed Mennas
 83407 | Crypt:1  | Killed Mennas
 83630 | Crypt:1  | Reached skill level 10 in Stealth
 83634 | Crypt:1  | Identified the +6 flail "Fysehir" {venom, *Slow rCorr MP+9
                  | Str+3}
 83637 | Crypt:1  | Found an ancient bone altar of Kikubaaqudgha.
 83842 | Crypt:1  | Mummy Kiku vault in west
 84188 | Crypt:1  | Noticed Boris
 84202 | Crypt:1  | Killed Boris
 84424 | Crypt:1  | Found a basalt altar of Yredelemnul.
 84488 | Crypt:1  | Oh. It's a Yred and Kiku vault.
 84701 | Crypt:2  | Noticed Grunn
 84746 | Crypt:1  | Killed Grunn
 85546 | Crypt:3  | Entered Level 3 of the Crypt
 85659 | Crypt:3  | Acquired 886 gold pieces
 85710 | Crypt:3  | Noticed Zenata
 85741 | Crypt:2  | Reached skill level 27 in Invocations
 85881 | Crypt:2  | Killed Zenata
 86158 | Crypt:3  | Noticed an ancient lich
 86167 | Crypt:3  | Killed an ancient lich
 86577 | Crypt:3  | Found a staircase to the Tomb.
 86592 | Crypt:3  | Tomb entrance in southwest.
 86655 | Crypt:3  | Noticed an ancient lich
 86655 | Crypt:3  | Noticed an ancient lich
 86672 | Crypt:3  | Killed an ancient lich
 86674 | Crypt:3  | Killed an ancient lich
 86894 | Crypt:3  | Identified the +9 broad axe of Oxarr {elec, SInv}
 86900 | Crypt:3  | Identified the +1 robe "Oris Yry" {rElec rF- Regen+ SInv}
 86902 | Crypt:3  | Got the Incunable of Bodies
 87686 | Hell     | Entered the Vestibule of Hell
 87686 | Hell     | Noticed Geryon
 87880 | Zot:5    | Got the Orb of Zot
 88269 | D:14     | ROBEOFVINES%
 88556 | D:$      | Escaped with the Orb!

Illustrated notes ########+####### #<......@......## ######.......#g.# ##..§..###.# ##...## #.# ##.## #.# ### #.. #.# #g# #.# Turn 24 on D:1: Starting vault: lava tile .... .#.. ....# #... .....####... .........o. ..........# ...o......# ##.o......### .......@....# ..o.....#..## ...#####. .# # .. # ... ...# #.## ## Turn 870 on D:4: At least two orc priests. ....###.# #.# #......# #.# #......#####.## #......##..... #.....>...##.# #..........#.### ##### ##......##...†..##.# #.... ...................# #.### #######.#####@##.....#####.# #.....# #.# .#.#.......# #.##..##..#.# .# ######..### #.##..##..#.. .# #..... #.##..##..### ## ##.... #..#..##..# ##### ##.#..##..# #######.#..##..# ........#..##..# Turn 1402 on D:3: Amulet of regen in northwest :) ############### #.............# #'###########.## ##.♣♣♣♣♣♣♣♣♣#..##### #♣).......♣#....... ♣@######.♣#....... ♣.# #.♣#....... ♣.# #.♣#####.## ♣.# #.♣ #... ♣.# #.♣ #... ♣.######.♣ ###. ♣........♣ #. ♣♣♣♣♣♣♣♣♣♣ ## ########## # Turn 2278 on D:5: Tree and stone wall vault in northwest; contains lone orc with +0 mace. Dude just wanted to nap. ########## #......... #@#.......######## #.......#.#...><.. #.......#....##### #..........#.# #. #.......#....# #. #......)..#### #. #.#....... ## #....##.##### #.####.....$. Turn 3439 on D:6: +8 chain mail of ponderousness in northwest corner #._.# #..'..#...# #...#+#######..#...# #...#.#._#..#.###### ###'#.#..#._#.'..._# #.#+##..⌠..#'##..#.#....# +.............##'#.#....# ###'#.####'##......#_...# ...#.'..#..##+########## #...#.#.@#_.# #...#.####..# #####.. #### ... ### Turn 4106 on Temple: Temple: the neighborhood #.#<...#.#.#..###########...# #. #.#....#.#....# ###...## #. #.#....#.###.#### ###...#.# #. #.#..#.....#.##.) .........# #. .....#.#.#)#.##.##.....##.)# #. .......#.#.#.##... #### #..# #. ##...#.#.#.#.##..# #..# #. #...#.#.#.#.##..##### #..#####. #...#.#.#.#.##.@....####..<..... #...#.#.#.#.#..........#..###### ##...#.#.#.#............#..# ....##.#.#.#..#.###.....#..# ....##.#..............l.#..# ....##.##....##.#######.#..# ....##.....#..#.# #.#..# ######..##.#..#.# #.#..# #<###.##.#.### #.#..# Turn 5364 on D:2: D:2 iguana #.#...#.#### #.........## # # #.......# ##.........###### # ###...##############..##....... # #.....##.....# #.#.####..).# ####.###....###.####.##.#####.†## P...........................).... ~~~~~~≈~~~~≈~~≈≈~~....~~≈≈~††≈)†≈ ≈≈≈≈≈≈≈≈≈≈≈≈≈≈≈≈≈~....~~≈≈≈≈≈≈≈≈≈ ≈#####~~~~~~~~~~@K....~~~~~~~~~~≈ ≈#...#...........g............... ≈#.o.#############''''########### ≈###'# #....# ≈~ . #....# ≈~ .. #....# #....# .O# Turn 6269 on D:6: Gnoll fort with kobolds and brigands and orcs in the south. # #..# # #..### ###.##..#####P# ..... ............... ..... ...........# # #P..# # ## ##..#### # #####P#####..##.######### ...........>......>...... ........@................ .........P#####.....####. #######...# #....## ## #..## ##...## #..# .####....##### ........................ ...................[.... .##...#.#####P.......... ##....# ###..#..###.. Turn 9093 on Lair:1: phial of floods in west ........P# .........# ........### #.#####...# ## #.#.# #†### # ##### #####.# .P..##...###.#P..## .......@.........P# ......PPP........## .....)PPP)........# ......PPP...##....# ##... ....#####...# ##.##....# P..## ## ###### ...# ..# Turn 9883 on Lair:2: Oklob plant in east. #..........# #..#....#......††= ##..##......####..#....#......#.. ..............†........'.....##.. ##'##....####'##########.....#### #...#..#.#........##.........# #...#....#........##.........# ###.#....#'#####..############ ....#################### #.#.....##......@......# ..#.....##.............# ###....###...).._..⌠...######## #....+ #.............#......# #....# #......8.))...#......### #....# ##8'8#####8)8##......... #....#.............)).........# #.#+##..............)).)))....# .##'###############'###..# Turn 16879 on D:10: It should be noted that an orc knight spawns here. .........)......#...#,** ...........#.......##** ..........#.........# ##.#......#........## ##.#............#...## ..........#.##.#.....## ##.......<.#..........# .#......#.#.^......#.## ###.#.######....@..#.## * #####**,*#..........# ** *,............## ,** **....######.## ,,* ##.##* *## ,** ##* ******* *,,,,,***** ,,,_,,,,,,* Turn 17215 on Orc:2: Ice cave entrance in east. #..##.# ##....# ###..# ##.### ##≈≈≈≈## #≈≈≈≈≈≈# ##≈≈≈≈≈# ###≈#.# ##@.# $$$.$.$=## $Z...$.=. ..kD..$"## ..Zk..### ...Z## .### Turn 17687 on IceCv: Ice dragon boss.

,,...............)............#.#
,,...................)...........
,,...............)...)...........
,,##..##..##...###.).##..##..##..
,**..,.......≈≈# #≈≈)).)......##.
,*,,........≈≈≈# #≈≈)))........#.
,,........≈≈≈≈#####≈≈≈)))........
,*......≈≈≈≈####∩####≈≈≈≈......#.
,*.....≈≈≈≈####.@.####≈≈≈≈.....#.
,,.....oo.......∩....))).).......
,,,,,,,,,.......∩................
,*,,,,,~~≈≈####...####≈≈≈≈.....#.
,*,,,,,,~≈~~**##∩##*#≈≈≈≈......#,
,,,,,,,,,,~~~~*###*≈≈≈≈..........
,*,,,,,,,,,,~~~* *≈≈≈..........#.
,**,,,,,,,,,,~~* *≈≈..........##,
,,**,,**,,**,,,***...##..##..##,,


Turn 18283 on Orc:2: Centaur bridge ending #... #.#.##.### ....#...##.........
.........<...#.## <................ #...####.######## #... #.# ... #.# #.####.#
#.)@...# #.####.# #. #.# .. ... ... #.## ..#. ... ##.#. ##. #.#. . Turn 20841 on
D:11: cloak of willpower on Maurice #.........#.# #.# #.......>.#.#####.#
#.................# #.........#.#####.# #.........#.# #.# #.........#.### #.#
#.........#...# #.# #.........#.#####.# .......@#.......# ........#########
####.#### #. #. Turn 21389 on D:11: phantom mirror in southeast ....#
....#...... ##.... .......... ...... ......... ......##........ ##..........# .
##...........#... ..<....<......... ......###..#.... ..... #@.# ! .....J...J...#
..#...5...3P..P.. J ##..J.....≈§... ........§P≈≈P.. ..~~~≈P..§..P..
.P~~~≈..§...... ..~~~~~.......# Turn 22163 on D:12: Abyss corruptions
....#..#.....# ....#..#.....# .)..#..#.....# ....'..'.....# ....)..'.)...#
#####..########### .)...............#### .))..)..............##
##)'#..#++#####.@....# ....#..# #......# .)..#..# #.......+ ....#..# ###....##
....#..# ....# ....#..# ....# ##### ....# .#.## Turn 24209 on D:14: lightning
rod ######.#.######## #.# ##...........# #.# ##.>.#...#.>.# #.# ##...........#
####.# ######.#.#######~##.# # #...# ##~~~#.# # #.>.# ##~~~~~.# ##
#...####~~~~~~~## .##########.~~~~@~~~~# ....## #(#~~~~~~~### .....# #.~~~~~...#
.....# #..~~~#.#.# ......+ #...~...)(# #....## #######.##.....# ....# ...#
.#.#.# ....# ###.# .# .. ....# #.# .# ## Turn 24669 on D:14: Partially
waterlogged floor. Great for merfolk. B) >....##...#........#
###...#............# .###...............## #.##..........#.....#
.#.#................# ..##..........^.....# ....................#
†.......#......#....# ..##....##......@...# ...#..##.#..........#
.....#.#.......#...## .##.#..........#..## ..###..........#.##
..##....##..#..### .....#>##..##.## ....#.....##..# ..###....##...# Turn 30004
on Snake:1: This floor layout resembles the serpentine rune. ..# ####.. ..Z...
#..... ...ZZZ #...# #...Z. #...# .# #.Z.. #...###..# #... ......#..# #..Z###
.##......# #...@.# .##......# ##..#.# ###......# ####.# ###......#####....#
........##...#.#### .).)..).##...#.# .....##.##...#.# .#...##........##
.....########...# Turn 33006 on Snake:3: Undead vault. #########################
≈≈≈≈≈≈≈≈≈≈≈≈≈≈≈≈≈≈≈≈≈≈≈≈≈ ≈≈≈≈≈≈≈≈≈≈≈≈≈≈≈≈≈≈≈≈≈≈≈≈≈ ≈≈≈≈≈≈≈≈≈≈≈≈≈≈≈≈≈≈≈≈≈≈≈≈≈
≈≈≈≈≈≈≈≈≈≈≈≈≈≈≈≈≈≈≈≈≈≈≈≈≈ ≈≈≈≈≈≈≈≈≈~~~~~~~~~)~~≈≈≈≈ ≈≈≈≈≈≈≈~~~~#~~####~~~~~~≈
≈≈≈≈≈≈~~~~~#######~~~~~~~ ≈≈≈≈≈~~~.### #@P##~~~~~ ≈≈≈≈≈~~..##~~~kk~~# ~~~~~
≈≈≈≈≈~~..##~~#S#m~# ~~~~ ≈≈≈≈~~~..## ≈~:~≈## ~~~~ ≈≈≈≈~~~..~ #~#~#~~ ..~
≈≈≈≈~~... #~~~≈~~~ ≈≈≈≈~~... #~~~ ~~# ≈≈≈≈~~... ≈≈≈≈~~... Turn 35631 on
Shoals:4: Manual of staves in northwest ~~≈≈≈≈≈≈≈~~~~~~~~.......~~~≈~~~..
~~~~~≈≈≈≈~~~~~~~~.......~~≈≈~~~.. )~~~~~~≈~~~~~~~~~~......~~~≈~~~..
~~~~~~~~~~~~~~~~###~...~~~~~~~~~. .~~~~~~~~~~~~#######~~~~~~~~~~~~~
..~~~~~~~~~~##~##~~##~~~~~~~~~~~~ ...~~~~..~[~#~~~≈~~~##~~~~~~~~~~~ ~##.#~.~.~~#
#~#~#~~##~~...~~~~ ######....~###≈~@~≈~##).)...~~~
.#~#~~#~..~##~~#~#~##~......~~~ ..≈..~#~~~~~#~~~≈~~~#~......~~~
.#.#.###~~~###~#~#~~#~......~~~ ≈.[.≈##~~~~~~#######~~~...).~~~ ≈
.#.#P###~~~~~###~~#~~~~~..~~~~~ ≈ ~)P†P~#..~~~~~~~~~~~~~~~~~~~~~≈ ≈
~###P##....~~~~~~~~~~~~~~~~~~≈≈≈≈ ######.......~~~~~~~≈≈≈≈~~~~ ≈≈≈ Turn 36360 on
Shoals:4: Rune at center of floor. #..###########.,,,,,,,,,,,,
#..............,,,,,,,,,,,, #..............,,,,,,,,,,,,
#..............,,,,,,,,,,,, #............#************,
#........≈~~.#,,,,,,,,,,,*, #.......~≈≈~~#,,,,,,,,,,,*,
#.......~≈<~~#...,,,,,,,,*, #.......~~@≈≈....,,,,,,,,+,
#.......~~>~~#...,,,,,,,,*, #.....>.~~≈≈≈#,,,,,,,,,,,*,
*........~~~.#,,,,,,,,,,,*, *,...........#,,,,,,,,,,,*,
*,...........#,,,,,,,,,,,*, *,,..........#************,
*,,,,,,,,,,,,,,,,,,,,,,,,,, *,,*+******,,,,,,********** Turn 38731 on Vaults:2:
Bazaar is in the west. ########################### #P.PP....PP♣.....♣.P.P.P.PP
#......PP♣....P....P♣P..P♣♣ #.P..PPPPPPPP♣P♣♣PP♣P.P....
#P..♣PPPP.P.P..♣..PP..♣.PP. #P...PP.♣..PPPP♣P.P..P.PPPP
#..P.P.....P..P.P.♣...♣♣P.. #....P♣.PPP♣.P.PP.P♣PP.P.P♣
#.P♣..P.♣P@P.P.....P...P..♣ #P♣.P.♣P♣..P..♣P.P......♣♣.
#♣P.♣P.♣P.#####P♣..P.#####P #.P♣PP.PP.#...##....##...#P
#.P...PPP.#.∩..##PP##..∩.#. #..PP..♣.P#.....####.....#P
#.P...P..P..............##♣ #P.P.PPPP..##..........##P.
#..P..P..P..##....##..##..P Turn 38936 on Bazaar: Bazaar: happy plants :)
..#......#................# ..#......#................#
..######'#.....########...# ...............####...#...#
...............#..#...#.PP# ...............#......')PP#
...............##...###P.P# ...............#.....##...#
########.......#@.#.!##...# #...,,,#)[.....########...#
'..,,,,#..†.....,,,,,,....# ###,,###........,,,,,.....#
..#,,#..........,,,,,.....# ..####..........,,,,,,,,,,*
................,,,,,,,,,,* ................,,,,,,,,,,*
################*********** Turn 40432 on Vaults:2: +0 gloves of strength in
southeast behind several enemies ****,,**+**,,******,,*,,* *,,,*,,,*,,,*
*,,,*,,* *,,,*,,,*,,,* *,,,*,,* *##*,,*****,,******,,*,,*
[.##*,,,,,,,***,,***,*,,* ...#*,,,,,,,**,,,,**,*,,* ....,,,,,,,,,,,,,,,,,,,.*
####################....* ................@.......* .......................u*
########################* Turn 45445 on Vaults:5: Very ugly thing IN THE
ABSOLUTE SOUTHEAST CORNER. *,,*+*,,,,,.,,** ##........*+*,,, *,,**,,,,....,,*
#..........**,,, *,,**,,,,.....,* #..........**,,,
*,,**,,,,......*##..........**,,, *,,**,,,,.......#...........**,,,
*,,***,,,,......'..........***,,, *,,* ***,,....'###'......##* *,,, *,,*
****...#:..#...#### *,,, *,,* *#'*#.@.##'## *,,, *,,* ****.,,#...#...#### *,,,
*,,* ***,,,,,.'###'......### *,,, *,,***,,,,,.....'..........###...
*,,**,,,,.......#...........##... *,,**,,,,......*##..........##...
*,,**,,,,.....,* #..........##... *,,**,,,,....,** ##.........##...
*,,*+*,,,,,,,,* #:.......#'#... Turn 46826 on Vaults:5: Silver rune in northwest
##'### #'###.....)..)".... .....# #.......###.))..### .....## #......## ##..)##
......# #..⌠...# #)..# ......## #......## ##...## .......# #.......###.....##
.......# #'###.............. .......# #.|/###...###...#.. ......##
#)@..)###...#.#...# ......# ###/.(..###.....### .....## ##.)... #...## .....#
##.). ...# ###### #| ..' ## Turn 52130 on Elf:3: manual of polearms
....##.))##..##.))##............. ...##)=).......|=)(##............
...##.?|.......:=?.##............ ...###.=.)........###............
...####..........####............ ...#................#............
.....#............#.............. ...# ##..........####............ ..
##??..[...).@?###............ #..))......)...##............
...##!..=......[("?##............ ....##.))##..##..|##.....P.......
.....##..?##.#..)##.....P.P...... ......##)##..##.##......P.P......
.......####.#####................ ............ ................P.. ............
...............PPP. Turn 56519 on Slime:5: manual of ranged weapons
#.##~~..)##...~~## #.....# ## ###~~....##....~~## #.....###.
##~~.....##.....~~###......... #)~(.....##...^..~~###........
#~......####......~# ###..)... #~.....######.....~#####...§≈.
#~.##############..'.##....§§§ #~.##############..'.....§.§≈≈
#~.....######@....~##....≈§≈§§ #~......####......~##....≈§≈≈§
#~~......##......~~##...≈≈≈..§ ##~~.....##.....~~###..≈≈≈≈§§§
###~~....##....~~## #.§≈≈≈≈.∩. #.##~~...##...~~## #.§§§≈..). #..##~~......~~##
#.§§§≈≈)). #...##~~~~~~~~### #.§§§≈≈≈≈§ #....##########.## #.....≈≈≈§ Turn 58599
on Depths:1: This vault contains rakshasa, ice dragon, merfolk javelineer, and
stone giant. #######...........# ##.................# #....÷.#############
##....## #......... ###..# ######.### #..## #...?..# ##.÷.# ##.##### #...## #.#
##@## ##'####### #...# #...§....# #...# #..≈≈≈≈≈.' ##3## #..≈≈##≈.# ..2
#..≈≈##≈.# 3:. #..≈≈≈≈≈.# ..[ #........# [.∩.[ ########## Turn 62936 on
Depths:4: Dwarven Hell entrance ##### ....# ###.# ################ ~~#.#
#..............# ~~#.####.~≈~≈≈≈≈~~~≈~.# ~~#.##.'.~≈≈≈≈≈≈@≈≈≈~.+
~~#.'..#.≈≈≈≈≈≈≈≈≈≈≈~.# ###.####.~≈≈~≈~~~~~~~.# ....# #..............# ....#
################ .#### #........ ..# #.......##+ .### #.......##. ...#
#.......##.### Turn 64669 on Depths:3: Water elemental was in this vault.
.......# ......# ...=y# ....# ...######) ..!...... #......# #@.....# #......#
#......# ..###### ### Turn 70194 on Zot:1: Silver + Fiery + Serpentine #.# #.###
# ##$ #...# #$ $D# ###.# $ $$$$ #.# #$$$$$ #^## $#$D# #..#### $$$$# $
##..#.##$$#$$$$ ##....@$$$$$$$ ##...#$$$#$D$ ##.###$$$?# ### ##$D[$ ?## $$ D
Turn 72216 on Zot:1: Dragon vault ########### #####$$#$#.$#!# ##
###.#..#....##.)$##!# #..#....!.#......#.$# ###.$$$$#......##).$$
#).#$$#$.[......:[.# ###$.$$$#.$...:....).#$$ #.##.$#$$$$..[....$..$$#
.÷[.[..$$$$.[).)@.....$$ ..[#$$$#$$$..)|(......#$ #.###$$$?#....|...).#.$$
###$$##$)[$....##[:#..$# ##$ #$?##.#... $(..#$$ ###$$#$$#..#..##$#$ #
#####$)##..#$ ## # ### ##### Turn 73281 on Zot:1: manual of short blades
......#....≈≈#....#§§§§§8§§§ #.....#....≈≈#....#§§§§§§§§§
##....#....≈≈#....#§§§§§§§§§ ......#.|..≈≈#....#§§§§§§§§§
......#....≈≈#....##§§§§§§§§ ##########)≈≈#.....##§§§§§§§ #≈≈≈≈≈#≈≈≈[≈≈#.....#
##~>~## #≈≈≈≈≈#≈≈≈≈≈≈####~†########§ #≈≈≈≈≈#≈≈≈≈≈≈≈≈≈@~~≈≈≈≈≈≈≈≈≈
#################)~#≈≈≈≈≈≈≈§ ..###[#.........[).#≈#######
..##.[#............#≈≈≈≈≈≈§§ ...................######.§§
..#..##..........).......§§§ .#..###..................§ § #..##
#################### #)## Turn 74935 on Zot:2: Insane electricity vault.
############ #############..........# #...........#.#.#..##..#
#..#.#.#....+..⌠.......# #..#######..#.#.@...#### ##.# ##.'.......## #.#
#..#..).....###......... #.########.#.#)....))##.........
#.......#..#.#.##.._###......... ######..##.#...###)####......... ##...#..#...#
####........... #....#############........... #............................ Turn
83842 on Crypt:1: Mummy Kiku vault in west ##.............'...
##...........####. ##.........## ## ########.## ### #...#..#########
##[###...#.##........ ##_).##.#.#..#..^..... #.).....#.#.##########
##...@....'..# #.... ##.......#.## +.... ####.....#.+..#######..
#.......⌠..#....#.#.#.. #..##..#.#.#........... #..........############
#############..........# #...........#.#.#..##..# #..#.#.#....+..⌠.......# Turn
84488 on Crypt:1: Oh. It's a Yred and Kiku vault. ###........##...###...#... #
#.......#................. ##.##.#....###........#...#...
.........##.##............... #.##....##...##......###...##
#####.##...##.....##....###.... ..........##'#####'##..........
##.....##.##....#.##......... ###....##..#...@.#..##....###.
#.....##...#..>..#...''....... ####...##..#.....#..##...#...#
#....##.##...##.##....#...# #.....##'#####'##...### ..# ####...##.....##...## ##
#....##...##.... #.#...##.##..... #.##...###...#.. Turn 86592 on Crypt:3: Tomb
entrance in southwest. #.#...#.##.......#)))~~~~.......
#.#.###.~~.......~~~~)~~~.###### #.#....~#######..#######~.##....
#.####~~#∩....#..#.....#~.##.>.# #.~###~~#.....#..#.....#~.##....
##~~~...~#..[..#..#.....#~.###### #~~~~~#.##.....'..'.....##.# #
~~~~~~~.##.....[..'.)...#### # ~~~~~~~.########@.########### #
~~~~~~~...).)...............##### ~~~~~~~.....))..)..............##
~~~~~~~######)'#..#''#####......# ~~~~~~~# #.....#..#.....##......# .~~~~~~#
#..[..#..#.....##....... .~~~~~~# #.....#..#.....####....# .~~~~~##
#.....#..#.....####....# .#~~~#####.....#..#.....#..#....# Turn 88269 on D:14:
ROBEOFVINES%

Levels and vault maps discovered:
D:1:      amcnicky_arrival_feature_with_door, layout_basic,
          roderic_serpentine_path
D:2:      layout_basic, basic_altar
D:3:      layout_basic, uniq_robin
D:4:      layout_cave_pools, serial_shops, nicolae_shop_mannequins
D:5:      layout_rooms, general_overflow_altar, nicolae_overflow_hidden_temple,
          serial_shops, shop, kennysheep_pointless_box, kennysheep_flooded_box
D:6:      lemuel_castle_with_subvaults [lemuel_castle_interior_carwin_2],
          layout_loops_cross, grunt_temple_overflow_lords_of_destruction,
          minmay_hollow_rounded_squares, uniq_eustachio
D:7:      layout_loops_ring, minmay_temple_entry_nine_rooms, enter_bailey_3,
          uniq_joseph
D:8:      layout_gridville, david_lair_shrubbed, uniq_psyche
D:9:      layout_irregular_city
D:10:     minmay_bloctagon_deflated, layout_stronghold, david_orc_5,
          nicolae_trove_entry_isolated, chequers_serial_rivers_small_a,
          minivault_27, minmay_three_doors, uniq_harold
D:11:     minmay_the_grid_triangle_9x9_rhombus_thin
          [minmay_the_grid_triangle_9x9_negative_grid,
          minmay_the_grid_triangle_9x9_prize_center,
          minmay_the_grid_triangle_9x9_odd_lines,
          minmay_the_grid_triangle_9x9_corrupted_corridor], layout_basic,
          uniq_lodul, uniq_maurice
D:12:     layout_cave_pools, serial_demonic, serial_demonic_d, serial_demonic_g,
          serial_demonic_b, serial_demonic_d, serial_demonic_g,
          serial_demonic_f, lightli_minifort
D:13:     layout_loops_ring, ebering_ghost_xom
D:14:     layout_basic, skrybe_vaults_entry_preservation,
          nicolae_elevator_lobby_plus
D:15:     grunt_enter_depths_magical_seal, layout_long_grid, serial_shops, shop,
          nicolae_shop_advertising_works [nicolae_subvault_shop_adworks],
          nicolae_shop_hallway_stairs, nicolae_shop_back_alley_shop,
          nicolae_lakefront_shop, chequers_serial_rivers_micro_b
Temple:   bh_familiar_temple
Lair:1:   layout_long_grid, basic_altar, uniq_maggie, uniq_fannar
Lair:2:   layout_long_grid, elwin_shoals_entry_rooms, minmay_lair_oklob_bushes,
          minivault_24, minivault_26
Lair:3:   layout_long_grid, minmay_snake_entry_guardpost_medium,
          beast_lair_carwin_5, grunt_megastairs_2, serial_bayou_shore_b
Lair:4:   layout_regular_city, beast_lair_carwin_3, uniq_sonja
Lair:5:   cheibrodos_lair_end_hotspot, layout_cave_pods,
          dpeg_slime_entry_enclosed, chequers_serial_rivers_room_a,
          fungi_pond_lemuel
Shoals:1: nicolae_shoals_mermall, layout_shoals, nicolae_take_the_stairs,
          nicolae_shop_overcharged_wands
Shoals:2: layout_shoals, serial_shops, shop
Shoals:3: layout_shoals
Shoals:4: shoals_end_grunt_ice, layout_shoals, nicolae_shoals_circle_sea_wall,
          nicolae_shoals_pincushion_passage, uniq_roxanne
Snake:1:  layout_onion_interference
Snake:2:  layout_chambers, uniq_vashnia, uniq_mlioglotl, uniq_kirke
Snake:3:  layout_misc_corridors, ebering_ghost_rock_garden,
          nicolae_snake_the_dead_are_slithering
Snake:4:  minmay_snake_end_coiled, layout_cave_town, grunt_ministairs_7
Slime:1:  layout_caves
Slime:2:  layout_caves, cheibrodos_slime_lost_civilization_6
Slime:3:  layout_caves
Slime:4:  layout_caves, nicolae_slime_round_cave
Slime:5
Orc:1:    layout_diamond_mine, serial_shops, shop, uniq_jorgrun
Orc:2:    st_orc_rangers, layout_caves, portal_ice_cave_entry_imps,
          bh_open_orc_temple
Elf:1:    nicolae_elf_arrival_dilemma, layout_gridlike, minmay_elf_sorcery
Elf:2:    nicolae_elf_blades_crystal_corner, layout_onion_city
Elf:3:    minmay_elf_hall_not_hex, layout_geoelf_grid, billiards_dpeg,
          uniq_aizul, uniq_bai_suzhen, uniq_asterion
Vaults:1: nicolae_vaults_hexular_roomagon, vaults_room_fours,
          hangedman_vaults_river_flow, v_misc_16, ontoclasm_vaults_gateway,
          nicolae_vaults_oval_intersection, nicolae_vaults_little_ls,
          vaults_room_ringed_pool, ontoclasm_vaults_spin, layout_vaults_omnigrid
Vaults:2: grunt_vaults_hallway_short, minmay_crypt_entry_simple_corners,
          nicolae_vaults_more_shelving_1, ontoclasm_vaults_fault,
          nicolae_vaults_tetromino_T_1, serial_ice_h,
          nicolae_vaults_weapon_check, ontoclasm_vaults_bender, v_misc_2,
          nicolae_vaults_murder_corner, nicolae_vaults_heist, v_alt_pattern_4,
          layout_vaults_chaotic_city, serial_shops, bzr_entry_islet,
          uniq_frederick, uniq_donald
Vaults:3: hangedman_vaults_pinch, nicolae_vaults_network_periphery,
          hangedman_vaults_maws, st_cross, vaults_dpeg_spiral,
          nicolae_vaults_apartment_1, ontoclasm_vaults_eye,
          nicolae_vaults_alarming, ontoclasm_vaults_chip,
          layout_vaults_omnicross
Vaults:4: infiniplex_enter_wizlab_spiral, v_rooms_1, vaults_mumra_minichess,
          vaults_room_boxed, v_misc_29, v_alt_pattern_6,
          nicolae_vaults_doubleplus_tesselated, nicolae_vaults_theta,
          vaults_room_octagon, grunt_vaults_bifocal, vaults_room_stairs_pillars,
          hangedman_vaults_corner_blocks, nicolae_vaults_trapezoid_1,
          vaults_room_glass_cross, nicolae_vaults_asterisk,
          layout_vaults_omnibox
Vaults:5: serial_shops
Crypt:1:  layout_gridlike, hangedman_crypt_dual_shrines,
          grunt_crypt_arrival_split, uniq_boris, uniq_mennas, uniq_vv
Crypt:2:  layout_gridlike, uniq_grunn
Crypt:3:  david_glass_crypt, layout_misc_corridors,
          nicolae_tomb_entry_unfolded_pyramid_diagonal, uniq_zenata
Depths:1: layout_forbidden_donut, nemelex_diamond_rough_becter, hellmouth_3,
          minmay_stone_trees_medium, kennysheep_cross_room, nicolae_diode_basic
Depths:2: cheibrodos_tormentor_scu, layout_gridville, enter_ziggurat_c,
          hangedman_coc_ice_floe, grunt_pan_entry_in_and_out,
          abyss_entry_flame_altar
Depths:3: nicolae_cairo_tiling_large_dashed, layout_gridlike, hell_entry,
          serial_shops, shop, nrook_pool_corridor, minmay_room_of_horrors,
          tgw_sif
Depths:4: grunt_x_marks_the_spot, layout_gridlike, lightli_too_deep,
          lemuel_flamethrower_3
Hell
Zot:1:    layout_basic, st_grand_hoard_of_tiamat
Zot:2:    infiniplex_zot_generator, layout_onion_interference
Zot:3:    layout_onion, hellmonk_ghost_big_iron
Zot:4:    layout_twisted_circle
Zot:5:    layout_cellular_growth, gammafunk_ghost_wrathful_warriors,
          st_stairs_5, hangedman_zot_decor_scrapings

Skill      XL: |  1  2  3  4  5  6  7  8  9 10 11 12 13 14 15 16 17 18 19 20 21 22 23 24 25 26 27 |
---------------+----------------------------------------------------------------------------------+-----
Long Blades    | 4 5 6 7 8 10 11 12 14 15 16 17 18 19 20 21 23 | 23.0
Stealth        | 1 2 3 4 6 7 9 13 | 13.1
Dodging        | 5 6 7 10 12 14 16 17 26 | 26.4
Shields        | 1 2 4 7 9 12 14 15 16 18 19 20 21 23 24 25 | 25.0
Fighting       | 3 4 5 7 9 10 11 13 14 16 17 18 19 20 21 22 23 24 26 | 26.2
Invocations    | 2 5 6 7 9 11 12 14 15 16 17 19 20 21 22 23 27 | 27.0
Evocations     | 1 4 5 8 10 12 | 12.0
Armour         | 1 3 5 6 |  6.0
Translocations | 1 |  1.0
Throwing       | |  2.0

Action                     |  1- 3 |  4- 6 |  7- 9 | 10-12 | 13-15 | 16-18 | 19-21 | 22-24 | 25-27 || total
---------------------------+-------+-------+-------+-------+-------+-------+-------+-------+-------++-------
  Melee: Long sword        |    99 |     3 |   180 |   133 |  1636 |       |       |       |       ||  2051
         Punch             |     2 |       |       |       |       |       |       |       |       ||     2
         Dagger            |       |     6 |       |       |       |     3 |       |    19 |    87 ||   115
         Short sword       |       |   105 |   277 |   938 |    56 |       |       |       |       ||  1376
         Tailslap          |       |       |     8 |    30 |    19 |    83 |    47 |     6 |    56 ||   249
         Scimitar          |       |       |       |     4 |       |       |       |       |       ||     4
         Double sword      |       |       |       |       |   163 |  1279 |  1502 |  1595 |  1283 ||  5822
         Demon blade       |       |       |       |       |       |       |       |     2 |  1768 ||  1770
         Eudemon blade     |       |       |       |       |       |       |       |       |   475 ||   475
  Throw: Stone             |     1 |       |     2 |       |     8 |     8 |     6 |    21 |    83 ||   129
         Throwing net      |     4 |     1 |       |     1 |     1 |    11 |     2 |     4 |     3 ||    27
         Javelin           |     1 |       |     2 |       |       |       |       |       |       ||     3
         Dart              |       |       |     1 |    13 |    41 |    10 |     3 |     5 |     6 ||    79
   Cast: Apportation       |       |       |       |       |     1 |     3 |     2 |       |       ||     6
 Invoke: Wall of Briars    |       |       |       |    13 |     6 |    16 |    19 |    31 |    18 ||   103
         Grow Ballistomyce |       |       |       |     3 |     4 |     3 |       |     4 |       ||    14
         Overgrow          |       |       |       |       |     1 |     2 |       |       |     3 ||     6
         Grow Oklob        |       |       |       |       |     9 |     8 |    20 |    28 |    34 ||    99
  Evoke: Wand              |       |       |     6 |     1 |    13 |    18 |     2 |    19 |    20 ||    79
         Tin of tremorston |       |       |       |     2 |       |     4 |     1 |     2 |       ||     9
         Phial of floods   |       |       |       |     1 |     1 |       |       |     3 |     2 ||     7
         Lightning rod     |       |       |       |       |       |     3 |     7 |    11 |     1 ||    22
    Use: Scroll            |       |     3 |     6 |    12 |    18 |    10 |     9 |    19 |    23 ||   100
         Potion            |       |       |     7 |     6 |    10 |     9 |     4 |    10 |    37 ||    83
   Stab: Held in net/web   |       |     1 |       |       |       |     9 |     1 |     3 |     6 ||    20
         Sleeping          |       |     2 |    10 |     4 |    14 |    25 |    21 |    29 |    33 ||   138
         Distracted        |       |       |     1 |     1 |     6 |     8 |    25 |    22 |    35 ||    98
         Invisible         |       |       |       |       |     9 |       |       |       |       ||     9
         Petrifying        |       |       |       |       |       |       |       |       |     1 ||     1
 Armour: Ring mail         |    29 |    25 |    81 |   149 |    80 |       |       |       |       ||   364
         Skin              |       |       |       |    23 |       |       |       |       |       ||    23
         Troll leather arm |       |       |       |       |   161 |   142 |   132 |    14 |       ||   449
         Animal skin       |       |       |       |       |    65 |       |       |       |       ||    65
         Robe              |       |       |       |       |     7 |       |       |       |       ||     7
         Leather armour    |       |       |       |       |       |     7 |       |       |       ||     7
         Scale mail        |       |       |       |       |       |       |       |   165 |   248 ||   413
         Fire dragon scale |       |       |       |       |       |       |       |       |    53 ||    53
  Dodge: Dodged            |    65 |    51 |   162 |   325 |   856 |   983 |   807 |   663 |  1381 ||  5293
  Block: Kite shield       |       |    27 |   216 |   620 |  1132 |   237 |     6 |       |       ||  2238
         Buckler           |       |       |       |       |   100 |   612 |       |       |       ||   712
         Reflection        |       |       |       |       |    15 |    52 |       |       |       ||    67
         Tower shield      |       |       |       |       |       |       |  1780 |  2118 |  4150 ||  8048
